 Dungeon Crawl Stone Soup version 0.31.0-9-g3a7656b989 (webtiles) character file.

Game seed: 11430192379500315674

19056421 RepoMan the Bringer of Light (level 27, 314/314 HPs)
             Began as a Purple Draconian Artificer on Jan 29, 2024.
             Was the Champion of the Shining One.
             Escaped with the Orb
             ... and 15 runes on Jan 31, 2024!
             The game lasted 11:05:54 (80522 turns).

RepoMan the Bringer of Light (DrAr)                Turns: 80522, Time: 11:05:55

Health: 314/314    AC: 41    Str: 24    XL:     27
Magic:  36/36      EV: 19    Int: 20    God:    the Shining One [******]
Gold:   3980       SH: 32    Dex: 12    Spells: 2/39 levels left

rFire   + +          +
                       - Unarmed
rCold   + + .        j - +8 tower shield {rC+}
rNeg    + + +        (body armour unavailable)
rPois   ∞            r - +1 hat of Apathy {+Blink Str+4 Int+2}
rElec   +            Q - +4 dragonskin cloak
rCorr   .            (gloves currently unavailable)
SInv    +            H - melded +1 pair of boots of Woiluck {^Drain rF+ rC+ Slay+3}
Will    +++++        U - amulet of regeneration
Stlth   +            m - ring of the Ancients {rF+++ Will+ Str+2 Dex-5 Slay+2}
HPRegen 1.52/turn    o - ring of Coronation {Wiz Int+5}
MPRegen 0.25/turn

%: wizardry (x1)
@: statue-form, glowing, studying 4 skills, very slow
A: slow and powerful, torment resistance 1, boosted hp, (breathe power), AC +13,
unfitting armour, cold-blooded, claws 1, see invisible, clumsy 1, cold
resistance 1, deterioration 1, dopey 1, frail 1, low MP 1, strong-willed 1,
screaming 2, subdued magic 2
0: Orb of Zot
}: 15/15 runes: decaying, slimy, silver, golden, iron, obsidian, icy, bone,
abyssal, demonic, glowing, magical, fiery, dark, gossamer
a: Begin Untransformation, Renounce Religion, Evoke Blink, Divine Shield,
Cleansing Flame, Summon Divine Warrior, Brand Weapon With Holy Wrath


You escaped.
You worshipped the Shining One.
The Shining One was exalted by your worship.
You were a living statue of rough stone.
You visited 18 branches of the dungeon, and saw 88 of its levels.
You visited Pandemonium 1 time, and saw 18 of its levels.
You visited the Abyss 1 time.
You visited 1 bazaar.
You visited 2 ziggurats, and saw 6 of their levels (deepest: 5).
You also visited: Ossuary, Ice Cave and Wizlab.

You collected 17604 gold pieces.
You spent 13624 gold pieces at shops.

Inventory:

Missiles
 k - 2 throwing nets
 V - 4 curare-tipped darts
Armour
 j - a +8 tower shield of cold resistance (worn)
 r - the +1 hat of Apathy (worn) {+Blink Str+4 Int+2}
   (You acquired it on level 2 of the Crypt)

   Str+4:     It affects your strength (+4).
   Int+2:     It affects your intelligence (+2).
   +Blink:    It lets you blink.
 E - an orb of guile
 H - the +1 pair of boots of Woiluck (melded) {^Drain rF+ rC+ Slay+3}
   (You acquired it on level 1 of the Depths)

   Slay+3:    It affects your accuracy & damage with ranged weapons and melee
   (+3).
   rF+:       It protects you from fire.
   rC+:       It protects you from cold.
   ^Drain:    It drains your maximum health when unequipped.
 Q - the +4 dragonskin cloak (worn)
   (You took it off Tiamat on level 2 of the Realm of Zot)

   Avatar's Aegis: It grants the wearer a chance to resist fire, cold, poison,
   electricity, acid, and negative energy.
Jewellery
 a - a ring of flight
 f - the brooch of Shielding {Spirit SH+8}
   (You took it off a deep elf death mage on level 3 of the Elven Halls)

   [amulet of guardian spirit]

   Spirit:    It causes incoming damage to be divided between your reserves of
   health and magic.
   SH+8:      It affects your SH (+8).
 m - the ring of the Ancients (left claw) {rF+++ Will+ Str+2 Dex-5 Slay+2}
   (You found it on level 10 of the Dungeon)

   [ring of willpower]

   Str+2:     It affects your strength (+2).
   Dex-5:     It affects your dexterity (-5).
   Slay+2:    It affects your accuracy & damage with ranged weapons and melee
   (+2).
   rF+++:     It renders you almost immune to fire.
   Will+:     It increases your willpower.
 o - the ring of Coronation (right claw) {Wiz Int+5}
   (You found it on level 3 of the Tomb of the Ancients)

   [ring of wizardry]

   Wiz:       It improves your spell success rate.
   Int+5:     It affects your intelligence (+5).
 q - the ring of Okawaru's Benevolence {Str-4 Int+6 Dex+8}
   (You took it off a balrug in Pandemonium)

   [ring of intelligence]

   Str-4:     It affects your strength (-4).
   Int+6:     It affects your intelligence (+6).
   Dex+8:     It affects your dexterity (+8).
 B - the ring "Sagesoal" {rC+ SInv}
   (You found it in Pandemonium)

   [ring of protection from cold]

   rC+:       It protects you from cold.
   SInv:      It lets you see invisible.
 O - the ring of the Garden {rPois rCorr}
   (You took it off Asmodeus on level 7 of Gehenna)

   [ring of resist corrosion]

   rPois:     It protects you from poison rCorr: It protects you from acid and
   corrosion.
 U - an amulet of regeneration (around neck)
Talismans
 l - the dragon-blood talisman "Afump" {rElec rN+ Will+}
   (You took it off Bai Suzhen on level 2 of the Crypt)

   [dragon-blood talisman]

   rElec:     It insulates you from electricity.
   rN+:       It protects you from negative energy.
   Will+:     It increases your willpower.
 Z - a granite talisman (active)
Wands
 d - a wand of paralysis (20)
 K - a wand of flame (84)
 P - a wand of mindburst (41)
 R - a wand of digging (29)
 S - a wand of roots (29)
 T - a wand of light (65)
Scrolls
 i - 18 scrolls of enchant weapon
 p - a scroll of revelation
 u - 17 scrolls of teleportation
 v - 3 scrolls of immolation
 C - 4 scrolls of vulnerability
 F - 11 scrolls of enchant armour
 J - 5 scrolls of silence
 N - 2 scrolls of poison
 W - 6 scrolls of fear
Potions
 b - a potion of might
 c - 11 potions of magic
 e - a potion of berserk rage
 g - 6 potions of heal wounds
 n - 3 potions of resistance
 w - 35 potions of curing
 D - 9 potions of enlightenment
 G - 4 potions of cancellation
 I - 7 potions of lignification
 X - 7 potions of ambrosia
 Y - 4 potions of mutation
Miscellaneous
 s - a lightning rod (4/4)
 t - a tin of tremorstones (2/2)
 x - a phial of floods
 y - a phantom mirror
 z - a sack of spiders (inert)


   Skills:
 + Level 26.2 Fighting
 - Level 3.3 Throwing
 - Level 16.6 Dodging
 - Level 0.8 Stealth
 + Level 25.8 Shields
 - Level 26.6 Unarmed Combat
 - Level 6.6 Spellcasting
 + Level 26.2 Hexes
 - Level 9.9 Translocations
 - Level 6.6 Air Magic
 O Level 27 Invocations
 * Level 23.0 Evocations
 - Level 23.3 Shapeshifting


You had 2 spell levels left.
You knew the following spells:

 Your Spells              Type           Power      Damage    Failure   Level
a - Manifold Assault      Tloc           28%        N/A       1%          4
b - Blink                 Tloc           56%        N/A       1%          2
c - Silence               Hex/Air        22%        N/A       1%          5
d - Dispersal             Tloc           14%        N/A       9%          6
g - Apportation           Tloc           56%        N/A       1%          1
l - Lesser Beckoning      Tloc           56%        N/A       1%          2
v - Vhi's Electric Charg  Tloc/Air       48%        N/A       1%          4
y - Yara's Violent Unrav  Hex/Alch       18%        3d9       1%          5
D - Discord               Hex            31%        N/A       1%          8

Your spell library contained the following spells:

 Spells                   Type           Power      Damage    Failure   Level
 Slow                     Hex            100%       N/A       0%          1
 Ensorcelled Hibernation  Hex/Ice        72%        N/A       0%          2
 Jinxbite                 Hex            100%       N/A       0%          2
 Shock                    Conj/Air       48%        1d6       1%          1
 Cigotuvi's Dreadful Rot  Necr/Alch/Air  18%        N/A       1%          2
 Momentum Strike          Conj/Tloc      32%        3d8       1%          2
 Static Discharge         Conj/Air       24%        3-4/arc   1%          2
 Foxfire                  Conj/Fire      16%        2x1d4     2%          1
 Kiss of Death            Conj/Necr      16%        2d6       2%          1
 Magic Dart               Conj           16%        1d3       2%          1
 Sting                    Conj/Alch      16%        1d4       2%          1
 Scorch                   Fire           8%         2d5       4%          2
 Confusing Touch          Hex            62%        N/A       0%          3
 Sigil of Binding         Hex            62%        N/A       0%          3
 Tukima's Dance           Hex            62%        N/A       0%          3
 Dimensional Bullseye     Hex/Tloc       24%        N/A       0%          4
 Dazzling Flash           Conj/Hex       72%        N/A       1%          3
 Gell's Gravitas          Tloc           28%        N/A       1%          3
 Inner Flame              Hex/Fire       36%        N/A       1%          3
 Swiftness                Air            20%        N/A       1%          3
 Teleport Other           Tloc           28%        N/A       1%          3
 Volatile Blastmotes      Fire/Tloc      32%        2d12      1%          3
 Airstrike                Air            10%        2d(2-18)  1%          4
 Passage of Golubria      Tloc           28%        N/A       1%          4
 Metabolic Englaciation   Hex/Ice        18%        N/A       1%          5
 Summon Mana Viper        Hex/Summ       36%        N/A       1%          5
 Enfeeble                 Hex            31%        N/A       1%          7
 Mephitic Cloud           Conj/Alch/Air  9%         N/A       3%          3
 Iskenderun's Mystic Bla  Conj/Tloc      16%        2d5       4%          4
 Summon Lightning Spire   Summ/Air       12%        N/A       8%          4
 Call Canine Familiar     Summ           4%         N/A       10%         3
 Frozen Ramparts          Ice            8%         1d2       10%         3
 Hailstorm                Conj/Ice       4%         3d5       10%         3
 Ozocubu's Armour         Ice            4%         N/A       10%         3
 Passwall                 Erth           4%         N/A       10%         3
 Stone Arrow              Conj/Erth      8%         3d7       10%         3
 Summon Ice Beast         Ice/Summ       4%         N/A       10%         3
 Vampiric Draining        Necr           4%         2d6       10%         3
 Summon Forest            Summ/Tloc      8%         N/A       12%         5
 Arcjolt                  Conj/Air       6%         1d16      22%         5
 Brom's Barrelling Bould  Conj/Erth      4%         2d3       32%         4
 Dispel Undead            Necr           4%         3d7       32%         4
 Flame Wave               Conj/Fire      4%         2d5       32%         4
 Fulminant Prism          Conj/Alch      2%         3d5       32%         4
 Leda's Liquefaction      Alch/Erth      2%         N/A       32%         4
 Martyr's Knell           Necr/Summ      4%         N/A       32%         4
 Olgreb's Toxic Radiance  Alch           4%         N/A       32%         4
 Petrify                  Alch/Erth      4%         N/A       32%         4
 Sticky Flame             Fire/Alch      4%         2d4       32%         4
 Summon Blazeheart Golem  Fire/Summ      4%         N/A       32%         4
 Freezing Cloud           Conj/Ice/Air   4%         6-21      34%         5
 Alistair's Intoxication  Alch           2%         N/A       65%         5
 Curse of Agony           Necr           4%         N/A       65%         5
 Fireball                 Conj/Fire      2%         3d4       65%         5
 Iskenderun's Battlesphe  Conj           4%         2d6       65%         5
 Lee's Rapid Deconstruct  Erth           2%         3d4*      65%         5
 Conjure Ball Lightning   Conj/Air       6%         3x3d6     77%         6
 Plasma Beam              Fire/Air       6%         2x1d16    77%         6
 Disjunction              Tloc           14%        N/A       98%         8
 Bombard                  Conj/Erth      2%         9d1       99%         6
 Sculpt Simulacrum        Ice/Alch       2%         N/A       99%         6
 Starburst                Conj/Fire      2%         6d3       99%         6
 Summon Cactus Giant      Summ           2%         N/A       99%         6
 Monstrous Menagerie      Summ           2%         N/A       100%        7
 Orb of Destruction       Conj           2%         9d5       100%        7
 Ozocubu's Refrigeration  Ice            2%         4d7       100%        7
 Spellforged Servitor     Conj/Summ      2%         N/A       100%        7
 Lehudib's Crystal Spear  Conj/Erth      2%         10d2      100%        8
 Maxwell's Capacitive Co  Air            10%        ∞         100%        8
 Dragon's Call            Summ           2%         N/A       100%        9
 Polar Vortex             Ice            2%         N/A       100%        9
 Animate Armour           Summ/Erth      Unusable   N/A       N/A         4

Dungeon Overview and Level Annotations

Branches:
Dungeon (15/15)            Temple (1/1) D:5            Lair (5/5) D:9
  Swamp (4/4) Lair:2       Spider (4/4) Lair:3        Slime (5/5) Lair:5
    Orc (2/2) D:12            Elf (3/3) Orc:2        Vaults (5/5) D:13
  Crypt (3/3) Vaults:2       Tomb (3/3) Crypt:3      Depths (4/4) D:15
   Hell (visited)             Dis (7/7) Hell            Geh (7/7) Hell
    Coc (7/7) Hell            Tar (7/7) Hell            Zot (5/5) Depths:4
Ossuary (visited)           IceCv (visited)          WizLab (visited)

Altars:
Ashenzari
Cheibriados
Dithmenos
Elyvilon
Fedhas
Gozag
Hepliaklqana
Kikubaaqudgha
Makhleb
Nemelex Xobeh
Okawaru
Qazlal
Ru
Sif Muna
Trog
Uskayaw
Vehumet
Wu Jian
Xom
Yredelemnul
Zin
The Shining One
Jiyva
Lugonu

Shops:
D:12 =   D:13 *   Orc:2 (*?*(   Elf:3 ::=   Depths:1 ?   Depths:3 (([

Portals:
Hell: Depths:1 Depths:2 Depths:3 Depths:4
Abyss: Depths:2 Depths:3 Depths:4
Pandemonium: Depths:2

Annotations:
Lair:1 2 transporters, exclusion: downstairs
Swamp:3 exclusion: downstairs
Swamp:4 1 runed translucent door, Gokhumny's ghost, adept GnFi
Vaults:4 3 transporters, 3 runed translucent doors, abarbat's ghost, adept MiBe
Depths:3 6 runed translucent doors
Coc:7 Antaeus
Zot:1 1 transporter, Alunk's ghost, legendary GnFi
Zot:4 1 transporter


Innate Abilities, Weirdness & Mutations

You are a living statue of rough stone.
Your actions are slow, but your melee attacks are powerful.
You are resistant to unholy torment.
Your maximum health is greatly increased.
Your equipment is partially melded.
((You can breathe bolts of dispelling energy.))
((Your rich purple scales are hard. (AC +13)))
You cannot fit into any form of body armour.
You are immune to poison.
You are cold-blooded and may be slowed by cold attacks.
You have sharp fingernails.
You have supernaturally acute eyesight. (SInv)
You are clumsy. (Dex -2)
Your flesh is cold resistant. (rC+)
Your body sometimes deteriorates upon taking damage.
You are dopey. (Int -2)
You are frail. (-10% HP)
Your magical capacity is low. (-10% MP)
You are strong-willed. (Will+)
You frequently scream uncontrollably at your foes.
Your spells are easier to cast, but less powerful.


Message History

You completely miss Taitua.
Your tail-slap misses Taitua.
Taitua is almost dead.
Taitua hits you!
You eviscerate Taitua!!!!
You kill Taitua!
The Shining One accepts your kill.
You feel better.
Your Evocations skill increases to level 23!
Aiming: Dig
Press: ? - help, Shift-Dir - straight line You can't see that place. [a rock wall.]
The rock shatters into small pieces.
You scream at the orange demon!
An orange demon comes into view.
The orange demon moves out of view.
There is a stone staircase leading up here.
You block the orange demon's attack.
You climb upwards.
There is a stone staircase leading down here.
A ynoxinul comes into view.
There is a stone staircase leading up here.
You mangle the ynoxinul!! You tail-slap the ynoxinul!
You kill the ynoxinul!
The Shining One accepts your kill.
You feel your power returning.
You climb upwards.
There is a stone staircase leading down here.
You see here a +0 club.
Your divine shield fades away.
Aiming: Dig
Press: ? - help, Shift-Dir - straight line You can't see that place. [the floor.]
The rock shatters into small pieces.
There is a staircase leading out of the dungeon here.
Okay, then.
You reach into the sack... ...and things crawl out!
The sack is emptied!
Okay, then.
You have escaped!

# ##.##########.#####.# #.#
###...## #..# #.# #.# ##.#.#.###
##+# #.###.###### #........#
####.####..........## #..#.#.#.#
##..#.#..#####÷#...... #.#...##.#
#.#.#.#.#.# #.#>##.##
#....###.###..#...#..# #.#.##.#
..#### #..####..w.^######......#
#.######..'.....8w....'........#
......##.#.###..ss.####........#
..#.....#..#..#.w.#..#........###
..#.#.##.###.#.#.#.#.#...........
.........# ##..#.#..##......#####
.##.#..### ####.####.......#####
.##...## #'# #.#..........
.##.#.# #.# #.########### ###.#.#
##.# #.#


You could see a friendly broodmother (summoned), 3 friendly steelbarb worms and
a friendly wolf spider (summoned).

Vanquished Creatures
  Cerebov (Pan)
  the Royal Jelly (Slime:5)
  Mnoleg (Pan)
  Asmodeus (Geh:7)
  Gloorx Vloq (Pan)
  Ignacio (Pan)
  Lom Lobon (Pan)
  Ereshkigal (Tar:7)
  the Serpent of Hell (Coc:7)
  10 dread liches
  Tiamat (Zot:2)
  Dispater (Dis:7)
  8 orbs of fire
  7 ancient liches
  Mennas (Crypt:3)
  2 juggernauts
  5 pandemonium lords
  29 royal mummies
  The ghost of xzight the Conqueror, a legendary MiBe of Trog (Depths:1)
  Boris (Vaults:5)
  Vv (Zot:2)
  2 Killer Klowns
  21 shard shrikes
  Bai Suzhen (Crypt:2)
  5 curse toes
  12 caustic shrikes
  Geryon (Hell)
  10 golden dragons
  Nikola (Depths:2)
  10 profane servitors
  A pearl dragon (Pan)
  21 bone dragons
  7 electric golems
  13 Brimstone Fiends
  A shard shrike zombie (Coc:6)
  23 Tzitzimimeh
  10 doom hounds
  5 hellephants
  6 iron giants
  A Cloud Mage (WizLab)
  A spectral shard shrike (Tar:3)
  19 tentacled monstrosities
  22 tainted leviathans
  20 Ice Fiends
  29 Orb Guardians
  A walking frostbound tome (Depths:4)
  2 shard shrike skeletons
  18 Hell Sentinels
  A deep elf blademaster (Elf:3)
  22 titans
  8 liches
  11 quicksilver dragons
  19 acid blobs
  10 searing wretches
  11 sphinxes
  16 Executioners (Pan)
  2 deep elf master archers (Elf:3)
  25 ancient champions
  8 death cobs
  Murray (Hell)
  An eldritch tentacle (Pan)
  Kirke (D:14)
  6 tengu reavers
  10 tentacled starspawn
  8 shadow dragons
  Aizul (Swamp:2)
  A revenant (Hell)
  Donald (Elf:2)
  8 draconian monks
  10 protean progenitors
  14 storm dragons
  Roxanne (Swamp:4)
  2 fenstrider witches (Pan)
  24 fire giants
  3 daevas (Pan)
  15 narguns
  8 demonspawn warmongers (Pan)
  2 quicksilver elementals
  6 draconian shifters
  40 balrugs
  19 azure jellies
  12 rockslimes
  6 emperor scorpions
  2 nagarajas (Pan)
  6 draconian knights
  8 shard shrike simulacra
  3 deep elf sorcerers
  6 iron dragons
  16 frost giants
  A spectral juggernaut (Tar:3)
  7 draconian scorchers
  A caustic shrike zombie (Coc:6)
  12 ghouls
  21 cacodemons
  6 curse skulls
  34 reapers
  10 vault wardens
  10 ghost moths
  2 orc warlords
  2 spectral caustic shrikes
  8 angels
  15 quicksilver oozes
  Louise (D:14)
  8 draconian stormcallers
  A broodmother (Spider:4)
  A spriggan defender (Depths:2)
  3 deep elf elementalists (Elf:3)
  10 draconian annihilators
  6 demonspawn corrupters (Pan)
  10 juggernaut skeletons (Pan)
  8 ironbound thunderhulks
  6 demonspawn blood saints (Pan)
  27 very ugly things
  6 apis (Pan)
  15 putrid mouths
  22 ironbound preservers
  32 stone giants
  8 deep elf demonologists
  5 formless jellyfish
  10 vampire knights
  16 green draconians
  12 deep elf annihilators
  14 red draconians
  An ophan (Pan)
  31 elemental wellsprings
  5 bunyips
  12 black draconians
  Nessos (D:13)
  3 lorocyprocas (Pan)
  6 eleionomae
  8 deep elf death magi
  19 white draconians
  4 bennus
  10 demonspawn black suns
  22 wendigos
  9 eidola
  31 war gargoyles
  11 dire elephants
  12 yellow draconians
  10 purple draconians
  10 spark wasps
  30 blizzard demons
  4 crystal guardians
  25 mummy priests
  21 iron golems
  15 green deaths
  14 ettins
  12 fire dragons
  Josephine (D:13)
  5 jiangshi
  7 entropy weavers
  A shambling mangrove (Swamp:4)
  A quicksilver dragon zombie (Crypt:3)
  3 deep elf high priests
  15 salamander tyrants
  9 great orbs of eyes
  16 yaktaur captains
  2 spectral spriggans
  10 ice dragons
  A sphinx zombie (Hell)
  5 peacekeepers
  36 vault guards
  5 spriggan air magi
  6 stokers
  11 ironbound frosthearts
  6 caustic shrike simulacra
  8 boulder beetles
  6 jorogumos
  8 alligators
  21 hydras
  3 juggernaut simulacra
  3 radroaches
  3 catoblepae
  3 death knights
  8 ghost crabs
  A hell beast (D:6)
  2 ogre magi
  2 rakshasas
  A two-headed ogre (shapeshifter) (Vaults:5)
  The ghost of ripuliukko the Thaumaturge, a journeyman GrEE of Vehumet (D:12)
  16 centaur warriors
  24 two-headed ogres
  6 vampire magi
  4 deep troll shamans
  37 death scarabs
  2 death yaks (Lair:2)
  A naga warrior (Abyss:4)
  12 thrashing horrors
  2 shock serpents (shapeshifter)
  3 tengu warriors
  3 titan zombies
  27 dancing weapons
  4 orc high priests
  4 spectral nagas
  11 demonic crawlers
  An occultist (Depths:2)
  3 shock serpents (Pan)
  4 spriggan berserkers
  32 hell hogs
  7 deep troll earth magi
  15 hell knights
  10 iron trolls
  73 sun demons
  17 deep elf knights
  Nergalle (D:11)
  25 soul eaters
  7 wretched stars
  17 shadow wraiths
  26 sixfirhies
  5 pharaoh ants
  12 crystal echidnas
  The ghost of beef the Destroyer, a novice DEFE of Vehumet (Lair:1)
  A spark wasp zombie (Hell)
  49 skeletal warriors
  Lodul (D:14)
  55 deep trolls
  A sea snake (shapeshifter) (Vaults:5)
  9 flayed ghosts
  7 goliath frogs
  An orb spider (shapeshifter) (Depths:1)
  A spatial maelstrom (Abyss:4)
  7 sun moths
  A golden dragon zombie (Crypt:3)
  4 death drakes
  A glowing orange brain (shapeshifter) (Zig:3)
  8 orb spiders
  An anaconda zombie (Tomb:1)
  11 shadow demons (Pan)
  5 quicksilver dragon simulacra
  6 glowing orange brains
  6 spriggan simulacra
  A spectral hydra (Tar:3)
  2 orange crystal statues (Zig:2)
  7 obsidian statues
  7 bog bodies
  2 cherubim (Pan)
  6 arcanists
  4 spriggan druids
  9 steelbarb worms
  An alligator zombie (Tomb:1)
  10 deep elf archers
  A draconian zombie (Hell)
  5 phantasmal warriors
  2 lindwurms (shapeshifter)
  17 lindwurms
  A harpy (shapeshifter) (Elf:3)
  21 ironbound convokers
  13 necromancers
  6 harpies (Vaults:1)
  A fenstrider witch simulacrum (Coc:2)
  2 bunyip skeletons
  13 orc knights
  An iron giant skeleton (Crypt:2)
  A shadow dragon skeleton (Depths:2)
  12 swamp dragons
  A stone giant zombie (Hell)
  A tengu skeleton (Depths:2)
  17 deep elf pyromancers
  4 shining eyes
  26 deep elf zephyrmancers
  2 manticores
  3 fauns (Pan)
  4 orc sorcerers (Orc:2)
  A salamander (Depths:3)
  24 wolf spiders
  Maurice (D:8)
  2 worldbinders
  2 fire giant zombies (Hell)
  27 cyclopes
  3 meliai (Spider:3)
  2 centaur zombies
  7 elephants (Lair:3)
  7 will-o-the-wisps
  26 ugly things
  21 large abominations
  A spectral alligator snapping turtle (Tar:3)
  A meliai (shapeshifter) (D:14)
  12 rust devils
  3 dire elephant zombies
  25 vault sentinels
  A fire giant skeleton (Depths:2)
  2 guardian serpents
  26 moths of wrath
  5 titan simulacra
  6 black mambas
  97 slime creatures
  An alligator snapping turtle zombie (Coc:6)
  A black mamba (shapeshifter) (Elf:2)
  Joseph (D:8)
  4 apocalypse crabs
  A naga skeleton (Crypt:3)
  12 molten gargoyles
  3 kobold blastminers
  35 smoke demons
  3 centaur skeletons
  2 torpor snails
  7 eyes of devastation
  2 gargoyles
  2 unseen horrors (shapeshifter) (Depths:1)
  A dire elephant skeleton (Crypt:1)
  A water nymph (Spider:3)
  12 cane toads
  A cane toad (shapeshifter) (D:14)
  28 hellions
  A redback zombie (Crypt:1)
  7 unseen horrors
  A swamp worm zombie (Crypt:1)
  7 anaconda simulacra
  15 orange demons
  2 spriggan zombies (Hell)
  4 rime drakes
  11 komodo dragons
  2 kobold demonologists
  16 freezing wraiths
  38 yaktaurs
  A rime drake (shapeshifter) (Depths:1)
  7 efreet
  6 catoblepas skeletons (Abyss:4)
  51 guardian mummies
  A komodo dragon (shapeshifter) (Depths:3)
  A hydra zombie (Coc:6)
  4 harpy zombies
  8 ice devils
  8 red devils (Pan)
  2 golden dragon simulacra (Coc:6)
  6 tengu conjurers
  31 tormentors
  7 trolls
  7 ancient zymes
  3 iron giant simulacra
  2 spectral harpies
  An unseen horror skeleton (Crypt:1)
  An alligator snapping turtle skeleton (Crypt:2)
  8 tyrant leeches
  2 silent spectres
  24 hellwings
  10 polar bears
  2 wind drakes (WizLab)
  A polar bear (shapeshifter) (D:13)
  3 alligator simulacra
  7 hornets
  6 harpy skeletons
  25 tarantellas
  A hydra skeleton (Hell)
  An iron dragon simulacrum (Coc:5)
  A shadow dragon simulacrum (Coc:1)
  11 saltlings (Orc:2)
  Prince Ribbit (D:7)
  26 blink frogs
  A glass eye (Depths:1)
  3 ettin zombies
  21 raiju
  A jumping spider (shapeshifter) (Depths:1)
  10 dream sheep (Lair:5)
  27 jumping spiders
  A stone giant simulacrum (Coc:1)
  10 culicivoras
  3 centaur simulacra
  12 air elementals (WizLab)
  An ice dragon skeleton (Tomb:3)
  A shadow (D:11)
  An ettin skeleton (Hell)
  A vampire (D:14)
  A fire dragon skeleton (Crypt:2)
  31 ynoxinuls
  2 spriggans (shapeshifter)
  6 spriggans
  A shapeshifter (Elf:2)
  5 small abominations (Abyss:4)
  4 water elementals
  8 wyverns
  9 starcursed masses
  9 wraiths
  An alligator snapping turtle simulacrum (Coc:2)
  A yak (shapeshifter) (Depths:1)
  11 ushabtiu
  6 golden eyes
  53 yaks
  8 dire elephant simulacra
  2 fire elementals
  5 hogs (D:14)
  2 vampire mosquitoes (D:15)
  2 wargs
  9 basilisks
  21 neqoxecs
  2 steam dragons
  34 redbacks
  21 chaos spawn
  21 swamp worms
  24 harpy simulacra
  The ghost of CapUranus the Conjurer, an amateur GrRe (D:4)
  3 naga zombies
  A merfolk zombie (Crypt:1)
  18 hell hounds
  3 acid dragons
  2 nagas (Abyss:4)
  9 water moccasins
  2 hydra simulacra
  28 orc warriors
  10 swamp drakes
  A sky beast (D:7)
  A black bear (shapeshifter) (Elf:2)
  An ice beast (D:3)
  12 black bears
  2 black mamba simulacra (Coc:1)
  85 laughing skulls
  21 ogres
  13 wolves
  A boggart (shapeshifter) (Depths:1)
  The ghost of Skimidon the Insei, an amateur DgSh (D:3)
  2 ettin simulacra
  A wolf (shapeshifter) (D:11)
  6 boggarts
  7 centaurs
  A rime drake zombie (Crypt:1)
  A hog skeleton (Crypt:2)
  2 weeping skulls (Abyss:4)
  A kobold brigand (D:10)
  12 bullfrogs
  4 elf zombies
  11 brain worms
  4 necrophages
  3 scorpions
  5 naga simulacra
  11 earth elementals
  2 gnoll sergeants
  A draconian skeleton (Crypt:2)
  12 wights
  17 killer bees
  3 spriggan skeletons
  3 electric eels
  4 howler monkeys
  A bombardier beetle (D:5)
  A jelly (D:6)
  5 lava snakes (Lair:5)
  2 hounds
  Crazy Yiuf (D:5)
  A gnoll bouda (D:8)
  5 quasits
  3 sleepcaps
  24 orc priests
  A black bear skeleton (Crypt:1)
  Natasha (thrice) (D:3)
  2 iguanas
  20 orc wizards
  6 hound zombies
  52 mummies
  12 gnolls
  11 adders
  4 shadow imps
  4 white imps
  6 ufetubi
  3 adder zombies (Ossuary)
  2 dart slugs (D:3)
  3 ribbon worms
  65 orcs
  9 bats
  7 endoplasms
  2 giant cockroaches
  4 gnoll zombies (Ossuary)
  5 goblins
  6 hobgoblins
  9 jackals
  12 kobolds
  A quokka (D:2)
  3 ball pythons
  5 frilled lizards
  5 jackal zombies (Ossuary)
  5 kobold zombies (Ossuary)
  An orc skeleton (Crypt:1)
  3 orc zombies (Ossuary)
  A quokka skeleton (Crypt:1)
  5 rats
  2 ball lightnings (Pan)
  A butterfly (Lair:5)
  3 creeping infernos
  4 fire vortices
  A lurking horror (Abyss:4)
  6 starspawn tentacles
4245 creatures vanquished.

Vanquished Creatures (collateral kills)
  Mara (Vaults:3)
  An orb of fire (Zot:3)
  8 royal mummies
  4 caustic shrikes (Dis:2)
  An electric golem (Zot:3)
  An Ice Fiend (Coc:7)
  A deep elf blademaster (Elf:3)
  An acid blob (Slime:5)
  An azure jelly (Coc:7)
  2 rockslimes (Slime:5)
  An emperor scorpion (Spider:4)
  A quicksilver elemental (Dis:6)
  2 shard shrike simulacra (Coc:7)
  An elemental wellspring (Coc:7)
  An ironbound thunderhulk (Vaults:1)
  A bunyip (Swamp:1)
  2 war gargoyles (Dis:2)
  A deep elf death mage (Elf:3)
  A mummy priest (Tomb:2)
  3 caustic shrike simulacra (Coc:7)
  A spriggan skeleton (Tomb:2)
  2 dancing weapons (Elf:2)
  A demonic crawler (Spider:4)
  3 death scarabs (Tomb:2)
  A deep elf knight (Elf:2)
  An orb spider (Spider:4)
  A spriggan simulacrum (Coc:7)
  A bunyip skeleton (Tomb:2)
  A deep elf pyromancer (Elf:2)
  An ugly thing (Vaults:3)
  A manticore (shapeshifter) (Depths:4)
  A tarantella (Spider:3)
  2 ushabtiu (Tomb:2)
  A dire elephant simulacrum (Coc:7)
  2 harpy simulacra (Coc:7)
  An ogre (Crypt:2)
  A killer bee (D:7)
  An orc wizard (D:7)
  Terence (D:3)
  A hound zombie (Ossuary)
  8 mummies
  An adder zombie (Ossuary)
  A frilled lizard (D:3)
70 creatures vanquished.

Vanquished Creatures (others)
  A searing wretch (Geh:5)
  A pandemonium lord (Pan)
  A fire giant (Geh:1)
  2 draconian shifters
  A balrug (Pan)
  A draconian annihilator (Zot:4)
  An eleionoma (Swamp:3)
  A deep elf annihilator (Vaults:4)
  A caustic shrike simulacrum (Coc:4)
  3 hell hogs
  A deep troll earth mage (Depths:2)
  2 deep elf knights (Elf:2)
  A skeletal warrior (Tomb:2)
  A shadow demon (Pan)
  2 spriggan simulacra (Coc:1)
  A tengu zombie (Depths:2)
  An apocalypse crab (WizLab)
  A fire giant skeleton (Depths:2)
  A smoke demon (Pan)
  A titan simulacrum (Coc:5)
  An orange demon (Pan)
  An anaconda simulacrum (Coc:5)
  A bunyip simulacrum (Coc:1)
  2 bloated husks
  A tyrant leech (Swamp:4)
  A wind drake (WizLab)
  A stone giant simulacrum (Coc:4)
  2 dire elephant simulacra
  A ynoxinul (Pan)
  A golden eye (Zot:5)
  2 neqoxecs
  A harpy simulacrum (Coc:6)
  An ettin simulacrum (Coc:3)
  A boggart (D:15)
  A killer bee (D:7)
  A centaur zombie (Ossuary)
  2 hound zombies (Ossuary)
  2 gnoll zombies (Ossuary)
  A jackal zombie (Ossuary)
  7 ball lightnings (Pan)
  5 creeping infernos
  3 fire vortices
  20 foxfires
  2 lurking horrors (Abyss:4)
  20 starspawn tentacles
106 creatures vanquished.

Grand Total: 4421 creatures vanquished

Notes
Turn   | Place    | Note
-------+----------+-------------------------------------------
     0 | D:1      | RepoMan the Draconian Artificer began the quest for the
                  | Orb.
     0 | D:1      | Reached XP level 1. HP: 16/16 MP: 1/1
   158 | D:1      | Reached skill level 1 in Unarmed Combat
   282 | D:1      | Reached XP level 2. HP: 23/23 MP: 2/2
   888 | D:2      | Reached XP level 3. HP: 28/28 MP: 3/3
  1945 | D:3      | Reached XP level 4. HP: 35/35 MP: 4/4
  2030 | D:3      | Noticed an ice beast
  2031 | D:3      | Found a runed translucent gate.
  2031 | D:3      | Found a runed translucent gate.
  2031 | D:3      | Found a runed translucent gate.
  2114 | D:3      | Noticed Terence
  2129 | D:3      | Killed Terence
  2189 | D:3      | Found a bloodstained altar of Trog.
  2189 | D:3      | Found a glowing golden altar of the Shining One.
  2194 | D:3      | Became a worshipper of Trog the Wrathful
  2399 | D:3      | Noticed Natasha
  2405 | D:3      | Killed Natasha
  2406 | D:3      | Reached XP level 5. HP: 20/40 MP: 2/5
  2499 | D:3      | Identified the +3 flail "Kuxtiaddoz" {drain, rCorr Str+5}
  2566 | D:3      | Noticed Skimidon's ghost (amateur DgSh)
  2660 | D:3      | Found a snail-covered altar of Cheibriados.
  2773 | D:3      | Reached skill level 5 in Unarmed Combat
  2854 | D:3      | Reached XP level 6. HP: 47/47 MP: 6/6
  3169 | D:3      | Noticed Natasha
  3186 | D:3      | Killed Natasha
  3195 | D:3      | Noticed Natasha
  3204 | D:3      | Killed Natasha
  3306 | D:4      | Found an ancient bone altar of Kikubaaqudgha.
  3325 | D:4      | Reached * piety under Trog
  3610 | D:4      | Found a large runed translucent door.
  3610 | D:4      | Found a large runed translucent door.
  3611 | D:4      | Noticed CapUranus's ghost (amateur GrRe)
  3726 | D:4      | Identified the +0 chain mail "Vixiepp" {rElec SInv}
  3916 | D:5      | Entered Level 5 of the Dungeon
  4109 | D:5      | Your scales start taking on a rich purple colour.
  4109 | D:5      | Reached XP level 7. HP: 50/56 MP: 7/7
  4156 | D:5      | Found a runed translucent door.
  4157 | D:5      | Noticed Crazy Yiuf
  4218 | D:5      | Found a staircase to the Ecumenical Temple.
  4269 | D:5      | Found a sand-covered staircase.
  4275 | Ossuary  | Entered an ossuary
  4523 | Ossuary  | Reached ** piety under Trog
  5006 | D:5      | Reached XP level 8. HP: 53/66 MP: 4/8
  5365 | Temple   | Entered the Ecumenical Temple
  5765 | D:6      | Reached skill level 5 in Fighting
  5829 | D:6      | Reached *** piety under Trog
  5963 | D:7      | Reached XP level 9. HP: 74/74 MP: 9/9
  6301 | D:7      | Noticed Prince Ribbit
  6320 | D:7      | Killed Prince Ribbit
  6321 | D:7      | Reached skill level 5 in Dodging
  6321 | D:7      | Reached skill level 10 in Unarmed Combat
  7355 | D:8      | Reached **** piety under Trog
  7422 | D:8      | Noticed Maurice
  7573 | D:8      | Noticed Grum
  7603 | D:7      | Reached XP level 10. HP: 80/86 MP: 8/10
  7798 | D:8      | Grum changed into Grum the wolf
  7798 | D:8      | Noticed Grum
  7807 | D:8      | Killed Grum the wolf
  7879 | D:8      | Noticed Joseph
  7931 | D:8      | Killed Joseph
  8199 | D:8      | Something stole a +6 ring of strength
  8200 | D:8      | Something stole a maw talisman
  8202 | D:8      | Something stole the +3 flail "Kuxtiaddoz" {drain, rCorr
                  | Str+5}
  8203 | D:8      | Something stole 507 gold
  8406 | D:8      | Killed Maurice
  8826 | D:9      | Reached skill level 5 in Evocations
  8847 | D:9      | Found a staircase to the Lair.
  9400 | D:10     | Entered Level 10 of the Dungeon
  9567 | D:10     | Reached XP level 11. HP: 69/95 MP: 8/11
 10050 | D:10     | Noticed a two-headed ogre
 10208 | D:10     | Killed a two-headed ogre
 10242 | D:10     | Identified the ring of the Ancients {rF+++ Will+ Str+2
                  | Dex-5 Slay+2}
 10405 | D:10     | Found a sparkling altar of Nemelex Xobeh.
 10955 | D:11     | Noticed Nergalle
 10956 | D:11     | Noticed a deep elf pyromancer
 10956 | D:11     | Noticed a mana viper
 10958 | D:11     | Noticed an orc knight
 10961 | D:11     | Killed Nergalle
 10961 | D:11     | Noticed a skeletal warrior
 11056 | Lair:1   | Entered Level 1 of the Lair of Beasts
 11235 | Lair:1   | Found a transporter.
 11238 | Lair:1   | Found a transporter.
 11239 | Lair:1   | Noticed a boulder beetle
 11569 | Lair:1   | Found a runed translucent door.
 11572 | Lair:1   | Noticed beef's ghost (novice DEFE)
 12332 | Lair:1   | Killed beef's ghost
 12418 | Lair:1   | Reached XP level 12. HP: 53/106 MP: 7/12
 12922 | D:3      | Killed Skimidon's ghost
 13058 | D:5      | Killed Crazy Yiuf
 13229 | Lair:2   | Noticed an eight-headed hydra
 13300 | Lair:2   | Reached skill level 1 in Shapeshifting
 13325 | Lair:2   | Killed an eight-headed hydra
 13605 | Lair:2   | Noticed a death yak
 13625 | Lair:2   | Noticed a death yak
 13629 | Lair:2   | Killed a death yak
 13639 | Lair:2   | Killed a death yak
 13640 | Lair:2   | Reached skill level 5 in Shapeshifting
 14232 | Lair:2   | Found a staircase to the Swamp.
 14660 | Lair:3   | Found a hole to the Spider Nest.
 14838 | Lair:3   | Noticed a five-headed hydra
 14847 | Lair:3   | Killed a five-headed hydra
 14891 | Lair:3   | Reached XP level 13. HP: 92/113 MP: 10/13
 15809 | Lair:4   | Reached skill level 10 in Shapeshifting
 15866 | Lair:3   | Reached ***** piety under Trog
 15975 | Lair:4   | Reached skill level 10 in Fighting
 16021 | Lair:4   | Reached skill level 10 in Dodging
 16312 | Lair:5   | Entered Level 5 of the Lair of Beasts
 16789 | Lair:5   | Found a viscous altar of Jiyva.
 16790 | Lair:5   | Found a staircase to the Slime Pits.
 17035 | Lair:5   | Received a gift from Trog
 17261 | Lair:5   | Reached XP level 14. HP: 109/122 MP: 8/14
 17319 | Lair:5   | Found a large runed translucent door.
 17320 | Lair:5   | Found a large runed translucent door.
 18487 | D:11     | Reached skill level 15 in Unarmed Combat
 18664 | D:12     | Found a staircase to the Orcish Mines.
 18695 | D:12     | Found a runed translucent gate.
 18695 | D:12     | Found a runed translucent gate.
 18695 | D:12     | Found an opulent altar of Gozag.
 18696 | D:12     | Found a runed translucent gate.
 18696 | D:12     | Noticed ripuliukko's ghost (journeyman GrEE)
 18768 | D:12     | Found Pubam's Jewellery Shoppe.
 19193 | Orc:1    | Entered Level 1 of the Orcish Mines
 19498 | Orc:2    | Entered Level 2 of the Orcish Mines
 19752 | Orc:2    | Found Nifor's Antique Weapon Shoppe.
 19847 | Orc:2    | Found a staircase to the Elven Halls.
 19861 | Orc:1    | Reached ****** piety under Trog
 19993 | Orc:2    | Received a gift from Trog
 20572 | Orc:2    | Found Azacaogi's General Store.
 20577 | Orc:2    | Bought a scroll of vulnerability for 56 gold pieces
 20577 | Orc:2    | Bought a scroll of poison for 56 gold pieces
 20577 | Orc:2    | Bought a potion of attraction for 42 gold pieces
 20695 | Orc:2    | Noticed an orc warlord
 20711 | Orc:2    | Killed an orc warlord
 20756 | Orc:2    | Found Ximuciafa's Assorted Antiques.
 20758 | Orc:2    | Found Niobifij's Magic Scroll Shoppe.
 20774 | Orc:2    | Bought a scroll of butterflies for 40 gold pieces
 20778 | Orc:2    | Bought a scroll labelled ENGOIPNE IDUCRUCW for 38 gold
                  | pieces
 20791 | Orc:2    | Bought a scroll of identify for 20 gold pieces
 20791 | Orc:2    | Bought a scroll of revelation for 75 gold pieces
 20791 | Orc:2    | Bought a scroll of immolation for 40 gold pieces
 20791 | Orc:2    | Bought a scroll of identify for 20 gold pieces
 20791 | Orc:2    | Bought a scroll of identify for 20 gold pieces
 20791 | Orc:2    | Bought a scroll of noise for 10 gold pieces
 20791 | Orc:2    | Bought a scroll of identify for 20 gold pieces
 20834 | Orc:2    | Found Zooblosk's Antique Weapon Shoppe.
 21016 | D:13     | Noticed Nessos
 21024 | D:13     | Killed Nessos
 21380 | D:13     | Found Nuseq's Assorted Antiques.
 21466 | D:13     | Reached XP level 15. HP: 127/132 MP: 13/15
 21478 | D:13     | Found a gate to the Vaults.
 21694 | D:13     | Bought a scroll of identify for 76 gold pieces
 21694 | D:13     | Bought a wand of flame (7) for 186 gold pieces
 21694 | D:13     | Bought a scroll of butterflies for 152 gold pieces
 21804 | D:13     | Noticed Josephine
 21817 | D:13     | Killed Josephine
 22170 | D:14     | Received a gift from Trog
 22188 | D:14     | Noticed Louise
 22332 | D:14     | Noticed Lodul
 22465 | Swamp:1  | Entered Level 1 of the Swamp
 22997 | Swamp:1  | Found a glacial archway.
 23010 | IceCv    | Entered an ice cave
 23334 | IceCv    | Reached skill level 1 in Throwing
 23679 | Swamp:1  | Received a gift from Trog
 23904 | Swamp:2  | Identified the serpent talisman of Hangman {rF+ rN+ Stlth+}
 23904 | Swamp:2  | Noticed Aizul
 23967 | Swamp:2  | Killed Aizul
 24777 | Swamp:2  | Reached XP level 16. HP: 96/144 MP: 8/16
 26037 | Swamp:4  | Entered Level 4 of the Swamp
 26087 | Swamp:4  | Noticed Roxanne
 26163 | Swamp:4  | Reached skill level 10 in Evocations
 26272 | Swamp:4  | Identified the +5 chain mail of Reason {rF+}
 27175 | Swamp:4  | Got a decaying rune of Zot
 27587 | Swamp:4  | Found a runed translucent door.
 27588 | Swamp:4  | Noticed Gokhumny's ghost (adept GnFi)
 27588 | Swamp:4  | Noticed a thorn hunter
 27591 | Swamp:4  | Identified the +7 trident of the Fray {distort, rC++
                  | Stlth-}
 27855 | Swamp:4  | Killed Roxanne
 28103 | Spider:1 | Entered Level 1 of the Spider Nest
 29748 | Spider:2 | Reached XP level 17. HP: 118/154 MP: 17/17
 30052 | Spider:3 | Received a gift from Trog
 30053 | Spider:3 | Reached skill level 15 in Fighting
 31109 | Spider:4 | Entered Level 4 of the Spider Nest
 31413 | Spider:4 | Received a gift from Trog
 31718 | Spider:4 | Reached skill level 15 in Shapeshifting
 32359 | Spider:4 | Got a gossamer rune of Zot
 32740 | D:12     | Killed ripuliukko's ghost
 32745 | D:12     | Reached skill level 1 in Shields
 32974 | D:14     | Noticed Kirke
 32986 | D:14     | Killed Kirke
 33059 | D:14     | Killed Louise
 33133 | D:14     | Killed Lodul
 33134 | D:14     | Reached XP level 18. HP: 163/163 MP: 18/18
 33243 | D:14     | Found a sacrificial altar of Ru.
 33571 | D:15     | Entered Level 15 of the Dungeon
 34225 | D:15     | Found a staircase to the Depths.
 34645 | Elf:1    | Entered Level 1 of the Elven Halls
 34652 | Elf:1    | Received a gift from Trog
 35470 | Elf:1    | Found a shimmering blue altar of Sif Muna.
 35633 | Elf:2    | Received a gift from Trog
 35684 | Elf:2    | Reached skill level 5 in Shields
 35971 | Elf:2    | Found a runed translucent gate.
 35972 | Elf:2    | Found a runed translucent gate.
 35972 | Elf:2    | Found a runed translucent gate.
 36004 | Elf:2    | Noticed Donald
 36013 | Elf:2    | Killed Donald
 36323 | Elf:2    | Received a gift from Trog
 36480 | Elf:2    | Reached XP level 19. HP: 170/170 MP: 19/19
 36675 | Elf:3    | Entered Level 3 of the Elven Halls
 37060 | Elf:3    | Identified the +5 morningstar "Ciusuan" {spect, MP+9 Str+2
                  | Dex-5 SInv}
 37060 | Elf:3    | Identified the +0 leather armour of the Sun {SInv}
 37278 | Elf:3    | Identified the +0 robe of Rapenk {rC- Regen+ Dex+6}
 37292 | Elf:3    | Received a gift from Trog
 37300 | Elf:3    | Noticed a Tzitzimitl
 37394 | Elf:3    | Identified the +5 longbow of the Scavenger {antimagic,
                  | rElec rN+ Will+ Dex-4}
 37776 | Elf:3    | Found Kekuetz's Jewellery Emporium.
 37776 | Elf:3    | Found Nufogadgh's Book Shop.
 37777 | Elf:3    | Found Rucixaq's Book Shop.
 37792 | Elf:3    | Bought a manual of Dodging for 1280 gold pieces
 38210 | Vaults:1 | Entered Level 1 of the Vaults
 38382 | Vaults:1 | Received a gift from Trog
 38964 | Vaults:1 | Reached XP level 20. HP: 76/181 MP: 9/20
 39000 | Vaults:1 | Received a gift from Trog
 39956 | Vaults:2 | Identified the +6 scimitar of the Bear {freeze, rF+ Dex+2}
 39983 | Vaults:2 | Identified the +1 robe "Ylluedgh" {Str+3 Stlth+}
 40063 | Vaults:2 | Found a staircase to the Crypt.
 40079 | Vaults:2 | Found a magical portal.
 40096 | WizLab   | Entered The Chambers of the Cloud Mage
 40115 | WizLab   | Paralysed by an air elemental for 1 turns
 40122 | WizLab   | Paralysed by an air elemental for 1 turns
 40171 | WizLab   | Paralysed by an air elemental for 1 turns
 40176 | WizLab   | Received a gift from Trog
 40204 | WizLab   | Paralysed by an air elemental for 1 turns
 40270 | WizLab   | Reached skill level 15 in Dodging
 40370 | WizLab   | Paralysed by an air elemental for 1 turns
 40395 | WizLab   | Paralysed by an air elemental for 1 turns
 40423 | WizLab   | Identified the +1 lajatang "Cufuheott" {flame, Will+ Str-5
                  | Stlth+}
 40429 | WizLab   | Got the Lessons on Electricity
 40897 | Vaults:2 | You fall into a shaft and drop 2 floors!
 40897 | Vaults:4 | Found a flickering gateway to a bazaar.
 40902 | Bazaar   | Entered a bazaar
 40914 | Bazaar   | Found Vaske's Weapon Boutique.
 40915 | Bazaar   | Found Dest's Magic Scroll Shop.
 40939 | Bazaar   | Found Quustr Yvezy's Book Shop.
 40950 | Bazaar   | Found Sotazaic's Assorted Antiques.
 40957 | Bazaar   | Bought a scroll of blinking for 247 gold pieces
 40957 | Bazaar   | Bought a scroll of teleportation for 99 gold pieces
 40980 | Bazaar   | Bought a scroll of teleportation for 27 gold pieces
 40980 | Bazaar   | Bought a scroll of teleportation for 27 gold pieces
 40980 | Bazaar   | Bought a scroll of immolation for 36 gold pieces
 40980 | Bazaar   | Bought a scroll of vulnerability for 36 gold pieces
 40980 | Bazaar   | Bought a scroll of vulnerability for 36 gold pieces
 40980 | Bazaar   | Bought a scroll of teleportation for 27 gold pieces
 40980 | Bazaar   | Bought a scroll of teleportation for 27 gold pieces
 40981 | Bazaar   | Bought a scroll of acquirement for 468 gold pieces
 40981 | Bazaar   | Acquired a manual of Shields
 41274 | Vaults:2 | Received a gift from Trog
 42100 | Vaults:3 | Identified the +7 arbalest of Duty {heavy, rPois rF- rN+
                  | Int+4}
 42110 | Vaults:3 | Noticed Mara
 42112 | Vaults:3 | Noticed RepoMan's illusion
 42131 | Vaults:3 | Noticed RepoMan's illusion
 42149 | Vaults:3 | Noticed RepoMan's illusion
 42154 | Vaults:3 | Killed Mara
 42234 | Vaults:3 | Reached XP level 21. HP: 191/191 MP: 21/21
 42956 | Vaults:4 | Found a transporter.
 42956 | Vaults:4 | Found a transporter.
 42960 | Vaults:4 | Found a transporter.
 42978 | Vaults:4 | Found a transporter.
 42992 | Vaults:4 | Found a transporter.
 43053 | Vaults:4 | Received a gift from Trog
 43102 | Vaults:4 | Identified the +0 hat of Bright Intercession {-Tele
                  | *Corrode rPois rN+++}
 43209 | Vaults:4 | Found a runed translucent gate.
 43209 | Vaults:4 | Found a runed translucent gate.
 43209 | Vaults:4 | Found a runed translucent gate.
 43209 | Vaults:4 | Noticed abarbat's ghost (adept MiBe)
 43533 | Vaults:4 | Received a gift from Trog
 44234 | D:3      | Fell from the grace of Trog
 44234 | D:3      | Became a worshipper of the Shining One
 44300 | D:4      | Killed CapUranus's ghost
 44734 | D:14     | Learned a level 2 spell: Blink
 44737 | D:14     | Learned a level 2 spell: Lesser Beckoning
 44992 | Crypt:1  | Entered Level 1 of the Crypt
 45030 | Crypt:1  | Reached * piety under the Shining One
 45049 | Crypt:1  | Reached skill level 1 in Translocations
 45060 | Crypt:1  | Reached skill level 1 in Spellcasting
 45062 | Crypt:1  | Reached ** piety under the Shining One
 45072 | Crypt:1  | Reached skill level 10 in Shields
 45155 | Crypt:1  | Reached *** piety under the Shining One
 45387 | Crypt:1  | Reached **** piety under the Shining One
 45899 | Crypt:2  | Reached ***** piety under the Shining One
 45934 | Crypt:2  | Identified the dragon-blood talisman "Afump" {rElec rN+
                  | Will+}
 45934 | Crypt:2  | Noticed Bai Suzhen
 45948 | Crypt:2  | Killed Bai Suzhen
 46000 | Crypt:2  | Acquired the +1 hat of Apathy {+Blink Str+4 Int+2}
 46449 | Crypt:2  | Reached ****** piety under the Shining One
 46502 | Crypt:2  | Identified the +2 pair of gloves "Voejo" {Dex+2}
 46679 | Crypt:3  | Entered Level 3 of the Crypt
 46845 | Crypt:3  | Reached XP level 22. HP: 201/201 MP: 22/26
 47170 | Crypt:3  | Found an ancient bone altar of Kikubaaqudgha.
 47171 | Crypt:3  | Noticed a dread lich
 47212 | Crypt:3  | Killed a dread lich
 47285 | Crypt:3  | Identified the +9 dire flail "Biseot" {holy, Int+4}
 47289 | Crypt:3  | Identified the +0 scale mail of Ojujim {Rampage *Slow rF+++
                  | Slay+2}
 47346 | Crypt:3  | Got the Spellbook of the Commander and Snow
 47506 | Crypt:3  | Noticed Mennas
 47538 | Crypt:3  | Killed Mennas
 47579 | Crypt:3  | Found a staircase to the Tomb.
 47653 | Crypt:3  | Reached skill level 5 in Translocations
 47967 | Depths:1 | Entered Level 1 of the Depths
 47978 | Depths:1 | Reached skill level 1 in Invocations
 48097 | Depths:1 | Found a runed translucent gate.
 48097 | Depths:1 | Found a runed translucent gate.
 48097 | Depths:1 | Found a runed translucent gate.
 48140 | Depths:1 | Reached skill level 2 in Invocations
 48230 | Depths:1 | Found Uduleif's Magic Scroll Shop.
 48282 | Depths:1 | Reached skill level 3 in Invocations
 48435 | Depths:1 | Found a gateway to Hell.
 48628 | Depths:1 | Reached skill level 4 in Invocations
 49029 | Depths:1 | Reached skill level 5 in Invocations
 49059 | Depths:1 | Found a runed translucent gate.
 49059 | Depths:1 | Found a runed translucent gate.
 49064 | Depths:1 | Noticed xzight's ghost (legendary MiBe)
 49067 | Depths:1 | Found a runed translucent gate.
 49223 | Depths:2 | Noticed Nikola
 49240 | Depths:2 | Killed Nikola
 49241 | Depths:2 | Reached skill level 6 in Invocations
 49427 | Depths:2 | Reached skill level 7 in Invocations
 49511 | Depths:2 | Found a one-way gate to the infinite horrors of the Abyss.
 49615 | Depths:2 | Found a burning altar of Makhleb.
 49620 | Depths:2 | Reached XP level 23. HP: 211/211 MP: 28/28
 49645 | Depths:2 | Found a burning altar of Makhleb.
 49645 | Depths:2 | Found the +16 obsidian axe {drain, demonic, Mesm ^Drain Fly
                  | SInv}
 49808 | Depths:2 | Reached skill level 8 in Invocations
 49885 | Depths:2 | Noticed a juggernaut
 49893 | Depths:2 | Killed a juggernaut
 50088 | Depths:2 | Found a one-way gate leading to the halls of Pandemonium.
 50435 | Depths:3 | Reached skill level 9 in Invocations
 50495 | Depths:3 | Found a runed translucent gate.
 50495 | Depths:3 | Found a runed translucent gate.
 50495 | Depths:3 | Found a runed translucent gate.
 50500 | Depths:3 | Noticed a caustic shrike
 50593 | Depths:3 | Found a runed translucent gate.
 50593 | Depths:3 | Found a runed translucent gate.
 50593 | Depths:3 | Found a runed translucent gate.
 50631 | Depths:3 | Found Utasiph's Weapon Shoppe.
 50643 | Depths:3 | Found Venuet's Weapon Emporium.
 50646 | Depths:3 | Found Vuhalueb's Antique Armour Shoppe.
 50730 | Depths:3 | Found a one-way gateway to a ziggurat.
 50770 | Depths:3 | Reached skill level 10 in Invocations
 51088 | Depths:3 | Found a corrupted altar of Lugonu.
 51224 | Depths:3 | Found a sparkling altar of Nemelex Xobeh.
 51335 | Depths:4 | Entered Level 4 of the Depths
 51560 | Depths:4 | Identified the +2 pair of gloves of Fedghakk {rF- Str+7}
 51592 | Depths:4 | Noticed a dread lich
 51603 | Depths:4 | Killed a dread lich
 51616 | Depths:4 | Reached skill level 11 in Invocations
 51665 | Depths:4 | Identified the +2 leather armour of the Beginning {rPois
                  | rF+ Int+4 Slay+2}
 52198 | Depths:4 | Reached skill level 12 in Invocations
 52251 | Depths:4 | Found a gate to the Realm of Zot.
 52303 | Depths:4 | Learned a level 4 spell: Vhi's Electric Charge
 52309 | Depths:4 | Learned a level 5 spell: Silence
 52315 | Depths:4 | Learned a level 5 spell: Yara's Violent Unravelling
 52392 | Depths:3 | Bought a throwing net for 69 gold pieces
 52457 | Depths:1 | Bought 3 scrolls of acquirement for 3588 gold pieces
 52457 | Depths:1 | Bought a scroll of fog for 92 gold pieces
 52457 | Depths:1 | Bought a scroll of poison for 92 gold pieces
 52457 | Depths:1 | Acquired 828 gold pieces
 52459 | Depths:1 | Acquired the +1 pair of boots of Woiluck {^Drain rF+ rC+
                  | Slay+3}
 52462 | Depths:1 | Acquired 1085 gold pieces
 52744 | D:12     | Bought a ring of resist corrosion for 300 gold pieces
 52875 | Slime:1  | Entered Level 1 of the Pits of Slime
 52985 | Slime:2  | Gained mutation: You are dopey. (Int -2) [a shining eye]
 53260 | Slime:5  | Entered Level 5 of the Pits of Slime
 53342 | Slime:4  | Reached XP level 24. HP: 224/224 MP: 29/32
 53410 | Slime:5  | Found the +8 mithril axe "Arga" {speed, Will+}
 53519 | Slime:5  | Gained mutation: You occasionally lose the ability to read
                  | scrolls when taking damage. [a shining eye]
 53670 | Slime:5  | Noticed the Royal Jelly
 53714 | Slime:5  | Reached skill level 13 in Invocations
 53736 | Slime:5  | Gained mutation: You sometimes lose your temper in combat.
                  | [a shining eye]
 53738 | Slime:5  | Lost mutation: You are dopey. (Int -2) [potion of mutation]
 53738 | Slime:5  | Lost mutation: You sometimes lose your temper in combat.
                  | [potion of mutation]
 53738 | Slime:5  | Gained mutation: You are strong-willed. (Will+) [potion of
                  | mutation]
 53738 | Slime:5  | Gained mutation: You have a pair of small antennae on your
                  | head. [potion of mutation]
 53739 | Slime:5  | Lost mutation: You have a pair of small antennae on your
                  | head. [potion of mutation]
 53739 | Slime:5  | Lost mutation: You are strong-willed. (Will+) [potion of
                  | mutation]
 53739 | Slime:5  | Lost mutation: You occasionally lose the ability to read
                  | scrolls when taking damage. [potion of mutation]
 53739 | Slime:5  | Gained mutation: You are strong-willed. (Will+) [potion of
                  | mutation]
 53739 | Slime:5  | Gained mutation: You are robust. (+10% HP) [potion of
                  | mutation]
 53739 | Slime:5  | Gained mutation: Your mind is acute. (Int +4, Str/Dex -1)
                  | [potion of mutation]
 54318 | Slime:5  | Found a viscous altar of Jiyva.
 54384 | Slime:5  | Killed the Royal Jelly
 54488 | Slime:5  | Got a slimy rune of Zot
 54489 | Slime:5  | Identified the +7 chain mail of Pefoemmojass {-Tele rElec
                  | Will+ Regen+}
 54565 | Slime:5  | Identified the ring of Ten Lai {Ice Will+}
 55042 | Zot:1    | Entered Level 1 of the Realm of Zot
 55222 | Zot:1    | Reached skill level 15 in Shields
 56110 | Zot:1    | Noticed a shard shrike
 56114 | Zot:1    | Noticed Alunk's ghost (legendary GnFi)
 56126 | Zot:1    | Found a transporter.
 56172 | Zot:1    | Noticed an orb of fire
 56172 | Zot:1    | Gained mutation: You are vulnerable to heat. (rF-) [an orb
                  | of fire]
 56182 | Zot:1    | Gained mutation: You are occasionally teleported next to
                  | monsters. [an orb of fire]
 56188 | Zot:1    | Gained mutation: You sometimes lose your temper in combat.
                  | [an orb of fire]
 56189 | Zot:1    | Killed an orb of fire
 56243 | Zot:1    | Reached skill level 1 in Air Magic
 56295 | Zot:1    | You are sucked into a shaft and drop 1 floor!
 56343 | Zot:2    | Noticed Vv
 56485 | Zot:2    | Lost mutation: Your mind is acute. (Int +4, Str/Dex -1)
                  | [potion of mutation]
 56485 | Zot:2    | Lost mutation: You are occasionally teleported next to
                  | monsters. [potion of mutation]
 56485 | Zot:2    | Gained mutation: You are agile. (Dex +4, Str/Int -1)
                  | [potion of mutation]
 56485 | Zot:2    | Gained mutation: Your muscles are strong. (Str +4, Int/Dex
                  | -1) [potion of mutation]
 56606 | Zot:2    | Killed Vv
 56734 | Zot:2    | Found the +4 dragonskin cloak
 56734 | Zot:2    | Noticed Tiamat
 57567 | Zot:2    | Was forgiven by Trog
 57575 | Zot:2    | Killed Tiamat
 57576 | Zot:2    | Reached skill level 14 in Invocations
 57577 | Zot:2    | Reached XP level 25. HP: 220/257 MP: 25/33
 57736 | Zot:3    | Noticed an orb of fire
 57752 | Zot:3    | Lost mutation: You sometimes lose your temper in combat.
                  | [an orb of fire]
 57756 | Zot:3    | Killed an orb of fire
 57784 | Zot:3    | Identified the +8 hand axe "Kealoicu" {flame, Str+3 Dex+3}
 57913 | Zot:3    | Noticed a Killer Klown
 57941 | Zot:3    | Killed a Killer Klown
 57942 | Zot:3    | Noticed an orb of fire
 57949 | Zot:3    | Gained mutation: You occasionally lose the ability to drink
                  | potions when taking damage. [an orb of fire]
 57951 | Zot:3    | Gained mutation: You occasionally shout uncontrollably at
                  | your foes. [an orb of fire]
 57952 | Zot:3    | Killed an orb of fire
 58120 | Zot:3    | Identified the +1 sling of the Green God {drain, rPois rF++
                  | Str-5}
 58350 | Zot:3    | Identified the staff of Musueg {^Fragile rF+ rN++ Str+8
                  | Necro Fire}
 58674 | Zot:3    | Got the Papyrus of The Black Sun
 59215 | Zot:4    | Reached skill level 15 in Invocations
 59357 | Zot:4    | Identified the +1 orcbow of Nightmares {heavy, Dex+3}
 59458 | Zot:4    | Found a transporter.
 60082 | Depths:1 | Killed xzight's ghost
 60419 | Spider:4 | Learned a level 1 spell: Apportation
 60726 | Depths:1 | Identified the +0 hat "Ytefock" {Stlth+}
 60737 | Depths:1 | Lost mutation: You are strong-willed. (Will+) [potion of
                  | mutation]
 60737 | Depths:1 | Lost mutation: You occasionally lose the ability to drink
                  | potions when taking damage. [potion of mutation]
 60737 | Depths:1 | Lost mutation: You are vulnerable to heat. (rF-) [potion of
                  | mutation]
 60737 | Depths:1 | Gained mutation: You have hidden genetic potential. [potion
                  | of mutation]
 60790 | Zig:1    | Entered Level 1 of a ziggurat
 60810 | Zig:2    | Entered Level 2 of a ziggurat
 60885 | Zig:3    | Entered Level 3 of a ziggurat
 60886 | Zig:3    | Noticed a dread lich
 60891 | Zig:3    | Killed a dread lich
 60900 | Zig:3    | Got Sif Muna's Anthology of Overhead Algor
 60903 | Zig:4    | Entered Level 4 of a ziggurat
 60964 | Zig:5    | Entered Level 5 of a ziggurat
 60998 | Zig:5    | Identified the +4 broad axe of Integrity {freeze, MP+9
                  | Int-5 Dex+3 SInv}
 61212 | Vaults:5 | Entered Level 5 of the Vaults
 61212 | Vaults:5 | Noticed a dread lich
 61219 | Vaults:5 | Noticed Boris
 61223 | Vaults:5 | Reached XP level 26. HP: 268/268 MP: 29/34
 61242 | Vaults:5 | Killed a dread lich
 61243 | Vaults:5 | Reached skill level 5 in Spellcasting
 61246 | Vaults:5 | Killed Boris
 61483 | Vaults:5 | Reached skill level 5 in Air Magic
 61549 | Vaults:5 | Identified the +8 hand axe "Pink" {holy, Will- Str+4 Dex+2}
 61581 | Vaults:5 | Got a silver rune of Zot
 61634 | Vaults:5 | Noticed an ancient lich
 61638 | Vaults:5 | Killed an ancient lich
 61686 | Vaults:5 | Noticed an ancient lich
 61696 | Vaults:5 | Killed an ancient lich
 61799 | Vaults:5 | Found the +3 greatsling "Punk" {acid, rCorr}
 61861 | Vaults:5 | Noticed an ancient lich
 61873 | Vaults:5 | Killed an ancient lich
 61930 | Vaults:5 | Reached skill level 16 in Invocations
 62130 | Vaults:5 | Identified the +5 orcbow of the Genius {speed, rPois rC-
                  | rCorr Dex+3}
 62154 | Vaults:5 | Identified the +3 leather armour of the Storm King {rC+ rN+
                  | Int-4}
 62156 | Vaults:5 | Identified the +7 storm dragon scales "Dakiliby" {rElec
                  | Str+3}
 62176 | Vaults:5 | Identified the +5 plate armour of Hyedof {Slay+2}
 62231 | Vaults:5 | Identified the staff "Daesoekh" {^Drain rElec rF+ Int+3
                  | Dex+4 Fire}
 62233 | Vaults:5 | Identified the +1 pair of boots of Esez {rF+}
 62243 | Vaults:5 | Identified the orb of the Yeti {light, Int+7 Slay-5 Ice
                  | Air}
 62870 | Pan      | Entered Pandemonium
 63211 | Pan      | Gained mutation: You possess an exceptional clarity of
                  | mind. [hidden potential]
 63465 | Pan      | Found an exit through the horrors of the Abyss.
 63467 | Pan      | Identified the +2 cloak of True Grit {-Tele rPois Stlth+}
 64096 | Pan      | Reached XP level 27. HP: 275/275 MP: 35/35
 64145 | Pan      | Found Riresk's Assorted Sundries.
 64146 | Pan      | Found an opulent altar of Gozag.
 64171 | Pan      | Reached skill level 17 in Invocations
 64178 | Pan      | Noticed a dread lich
 64194 | Pan      | Killed a dread lich
 64234 | Pan      | Found an opulent altar of Gozag.
 64236 | Pan      | Bought a scroll of fog for 96 gold pieces
 64238 | Pan      | Noticed a dread lich
 64239 | Pan      | Noticed a dread lich
 64244 | Pan      | Killed a dread lich
 64250 | Pan      | Found Riresk's Jewellery Shop.
 64260 | Pan      | Killed a dread lich
 64289 | Pan      | Found an opulent altar of Gozag.
 64293 | Pan      | Found Riresk's Demonic Rune Market.
 64293 | Pan      | Noticed Riresk the pandemonium lord
 64299 | Pan      | Gained mutation: Your spells are a little easier to cast,
                  | but a little less powerful. [a cacodemon]
 64314 | Pan      | Killed Riresk the pandemonium lord
 64324 | Pan      | Bought a demonic rune of Zot for 6226 gold pieces
 64478 | Pan      | Found a white marble altar of Elyvilon.
 64641 | Pan      | Reached skill level 18 in Invocations
 64720 | Pan      | Noticed Yryoc the pandemonium lord
 64728 | Pan      | Killed Yryoc the pandemonium lord
 64804 | Pan      | Noticed Inwerag the pandemonium lord
 64811 | Pan      | Killed Inwerag the pandemonium lord
 64867 | Pan      | Identified the +1 great mace "Giantbane" {venom, Will-
                  | Str+4 Stlth+}
 64898 | Pan      | Noticed Viquhe Niulu the pandemonium lord
 64905 | Pan      | Killed Viquhe Niulu the pandemonium lord
 64993 | Pan      | Reached skill level 19 in Invocations
 65005 | Pan      | Noticed Kuagyar the pandemonium lord
 65030 | Pan      | Killed Kuagyar the pandemonium lord
 65041 | Pan      | Entered the realm of Lom Lobon.
 65139 | Pan      | Gained mutation: Your flesh is cold resistant. (rC+)
                  | [hidden potential]
 65139 | Pan      | Lost mutation: You have hidden genetic potential. [hidden
                  | potential expressed]
 65260 | Pan      | Noticed Lom Lobon
 65279 | Pan      | Killed Lom Lobon
 65297 | Pan      | Got a magical rune of Zot
 65475 | Pan      | Entered the realm of Mnoleg.
 65481 | Pan      | Gained mutation: Your magical capacity is low. (-10% MP) [a
                  | neqoxec]
 65506 | Pan      | Reached skill level 20 in Invocations
 65560 | Pan      | Lost mutation: You possess an exceptional clarity of mind.
                  | [a cacodemon]
 65563 | Pan      | Gained mutation: You have sharp fingernails. [a cacodemon]
 65613 | Pan      | Lost mutation: Your muscles are strong. (Str +4, Int/Dex
                  | -1) [a cacodemon]
 65851 | Pan      | Noticed Mnoleg
 65894 | Pan      | Killed Mnoleg
 65935 | Pan      | Got a glowing rune of Zot
 65956 | Pan      | Lost mutation: You are robust. (+10% HP) [a cacodemon]
 66067 | Pan      | Found an exit through the horrors of the Abyss.
 66069 | Pan      | Found a runed translucent door.
 66073 | Pan      | Found a runed translucent door.
 66079 | Pan      | Found a runed translucent door.
 66099 | Pan      | Found a runed translucent door.
 66139 | Pan      | Noticed Viraesod the pandemonium lord
 66194 | Pan      | Entered the realm of Gloorx Vloq.
 66404 | Pan      | Reached skill level 21 in Invocations
 66645 | Pan      | Noticed Gloorx Vloq
 66669 | Pan      | Killed Gloorx Vloq
 66692 | Pan      | Got a dark rune of Zot
 66782 | Pan      | Entered the realm of Cerebov.
 66827 | Pan      | Reached skill level 1 in Hexes
 66906 | Pan      | Identified the ring of Okawaru's Benevolence {Str-4 Int+6
                  | Dex+8}
 67203 | Pan      | Reached skill level 5 in Hexes
 67215 | Pan      | Found the +6 sword of Cerebov {flame}
 67215 | Pan      | Noticed Cerebov
 67230 | Pan      | Killed Cerebov
 67231 | Pan      | Reached skill level 22 in Invocations
 67271 | Pan      | Identified the +3 dagger "Soloh" {freeze, Dex+7}
 67274 | Pan      | Got the Codex of Chemistry and the Icicle
 67283 | Pan      | Got Sif Muna's Teachings on Crystalline Anemomancy
 67295 | Pan      | Identified the ring "Sagesoal" {rC+ SInv}
 67319 | Pan      | Got a fiery rune of Zot
 67372 | Pan      | Identified the +9 quarterstaff "Sisanaymm" {vamp, rElec
                  | rPois Will++ Dex-2}
 67800 | Pan      | Learned a level 4 spell: Manifold Assault
 67807 | Pan      | Learned a level 6 spell: Dispersal
 67857 | Pan      | Noticed Evaroemp the pandemonium lord
 67932 | Pan      | Noticed Ignacio
 67942 | Pan      | Killed Ignacio
 68400 | Pan      | Noticed Zeedduna the pandemonium lord
 68622 | Pan      | Identified the +5 glaive "Zud Muji" {holy, Dex+5 Stlth+}
 68685 | Depths:2 | Escaped Pandemonium
 68743 | Depths:2 | Voluntarily entered the Abyss.
 68743 | Abyss:1  | Found a corrupted altar of Lugonu.
 68773 | Abyss:1  | Reached skill level 23 in Invocations
 68858 | Abyss:1  | Found a corrupted altar of Lugonu.
 69099 | Abyss:1  | Found a corrupted altar of Lugonu.
 69134 | Abyss:1  | Found a corrupted altar of Lugonu.
 69208 | Abyss:2  | Found a corrupted altar of Lugonu.
 69457 | Abyss:4  | Reached skill level 24 in Invocations
 69690 | Abyss:4  | Got an abyssal rune of Zot
 69749 | Abyss:4  | Found a corrupted altar of Lugonu.
 69772 | Abyss:4  | Noticed an ancient lich
 69778 | Abyss:4  | Killed an ancient lich
 69845 | Abyss:4  | Reached skill level 25 in Invocations
 70008 | Depths:2 | Escaped the Abyss
 70071 | Hell     | Entered the Vestibule of Hell
 70071 | Hell     | Noticed Geryon
 70080 | Hell     | Killed Geryon
 70099 | Hell     | Noticed Murray
 70105 | Hell     | Killed Murray
 70131 | Hell     | Found a gateway to the decaying netherworld of Tartarus.
 70140 | Tar:1    | Entered Level 1 of Tartarus
 70141 | Tar:1    | You fall into a shaft and drop 1 floor!
 70150 | Tar:2    | Reached skill level 26 in Invocations
 70458 | Tar:5    | Noticed an ancient lich
 70464 | Tar:5    | Killed an ancient lich
 70474 | Tar:5    | Reached skill level 27 in Invocations
 70589 | Tar:6    | Reached skill level 10 in Hexes
 70645 | Tar:7    | Entered Level 7 of Tartarus
 70936 | Tar:7    | Identified the +8 arbalest "Demonslayer" {penet, rF++ rC-
                  | Will+}
 70945 | Tar:7    | Identified the +10 morningstar "Wautoaps" {spect, *Noise
                  | Will++ Str+4}
 71773 | Tar:7    | Noticed Ereshkigal
 71786 | Tar:7    | Killed Ereshkigal
 71817 | Tar:7    | Got a bone rune of Zot
 72053 | Hell     | Learned a level 8 spell: Discord
 72077 | Hell     | Found a gateway to the freezing wastes of Cocytus.
 72145 | Hell     | Found a gateway to the ashen valley of Gehenna.
 72159 | Geh:1    | Entered Level 1 of Gehenna
 72295 | Geh:1    | Reached skill level 15 in Hexes
 72634 | Geh:7    | Entered Level 7 of Gehenna
 72988 | Geh:7    | Found the +13 sceptre of Asmodeus
 72988 | Geh:7    | Identified the ring of the Garden {rPois rCorr}
 72988 | Geh:7    | Noticed Asmodeus
 73002 | Geh:7    | Killed Asmodeus
 73016 | Geh:7    | Got an obsidian rune of Zot
 73023 | Geh:7    | Identified the +5 spear of Famine {protect, rElec rF+
                  | Will-}
 73211 | Coc:1    | Entered Level 1 of Cocytus
 73461 | Coc:3    | Paralysed by a wendigo for 1 turns
 73539 | Coc:4    | Paralysed by a wendigo for 1 turns
 73641 | Coc:5    | Paralysed by a wendigo for 1 turns
 73918 | Coc:6    | Noticed an ancient lich
 73924 | Coc:6    | Killed an ancient lich
 73958 | Coc:7    | Entered Level 7 of Cocytus
 74042 | Coc:7    | Noticed the Serpent of Hell
 74051 | Coc:7    | Paralysed by a wendigo for 1 turns
 74053 | Coc:7    | Killed the Serpent of Hell
 74076 | Coc:7    | Noticed an ancient lich
 74144 | Coc:7    | Paralysed by a wendigo for 1 turns
 74224 | Coc:7    | Killed an ancient lich
 74316 | Coc:7    | Reached skill level 15 in Evocations
 74325 | Coc:7    | Paralysed by a wendigo for 1 turns
 74393 | Coc:7    | Paralysed by a wendigo for 1 turns
 74408 | Coc:7    | Paralysed by a wendigo for 1 turns
 74530 | Coc:7    | Noticed Antaeus
 74588 | Coc:7    | Identified the +11 giant spiked club of Pomp {vamp, ^Contam
                  | rCorr MP+9}
 74592 | Coc:7    | Got an icy rune of Zot
 74805 | Hell     | Found a gateway to the Iron City of Dis.
 74822 | Dis:1    | Entered Level 1 of the Iron City of Dis
 75533 | Dis:6    | Identified the +9 tower shield of Xom's Delight {rPois
                  | Dex+5}
 75698 | Dis:7    | Entered Level 7 of the Iron City of Dis
 75983 | Dis:7    | Noticed a dread lich
 75988 | Dis:7    | Killed a dread lich
 76079 | Dis:7    | Noticed a juggernaut
 76083 | Dis:7    | Killed a juggernaut
 76119 | Dis:7    | Noticed Dispater
 76147 | Dis:7    | Killed Dispater
 76154 | Dis:7    | Found the +5 demon whip "Spellbinder" {antimagic, disrupt,
                  | Will+}
 76160 | Dis:7    | Got an iron rune of Zot
 76611 | Tomb:1   | Entered Level 1 of the Tomb of the Ancients
 76835 | Tomb:1   | Noticed a royal mummy
 76846 | Tomb:1   | Killed a royal mummy
 76856 | Tomb:1   | Noticed a royal mummy
 76866 | Tomb:1   | Killed a royal mummy
 76890 | Tomb:1   | Identified the +11 war axe "Tesoid" {pain, rF+}
 76976 | Tomb:2   | Noticed a royal mummy
 76980 | Tomb:2   | Noticed a royal mummy
 76990 | Tomb:2   | Killed a royal mummy
 76990 | Tomb:2   | Killed a royal mummy
 77002 | Tomb:2   | Noticed a royal mummy
 77002 | Tomb:2   | Noticed a royal mummy
 77010 | Tomb:2   | Killed a royal mummy
 77013 | Tomb:2   | Killed a royal mummy
 77110 | Tomb:1   | Noticed a royal mummy
 77111 | Tomb:1   | Noticed a royal mummy
 77111 | Tomb:1   | Noticed a royal mummy
 77227 | Tomb:1   | Killed a royal mummy
 77230 | Tomb:1   | Noticed a royal mummy
 77233 | Tomb:1   | Noticed a royal mummy
 77238 | Tomb:1   | Noticed a royal mummy
 77239 | Tomb:1   | Killed a royal mummy
 77239 | Tomb:1   | Killed a royal mummy
 77239 | Tomb:1   | Killed a royal mummy
 77239 | Tomb:1   | Killed a royal mummy
 77245 | Tomb:1   | Killed a royal mummy
 77255 | Tomb:1   | Noticed a royal mummy
 77262 | Tomb:1   | Killed a royal mummy
 77268 | Tomb:1   | Noticed a royal mummy
 77273 | Tomb:1   | Noticed a royal mummy
 77275 | Tomb:1   | Killed a royal mummy
 77279 | Tomb:1   | Killed a royal mummy
 77348 | Tomb:1   | Noticed a royal mummy
 77355 | Tomb:1   | Noticed a royal mummy
 77361 | Tomb:1   | Killed a royal mummy
 77368 | Tomb:1   | Killed a royal mummy
 77419 | Tomb:1   | Noticed a royal mummy
 77420 | Tomb:1   | Noticed a royal mummy
 77425 | Tomb:1   | Killed a royal mummy
 77433 | Tomb:1   | Killed a royal mummy
 77434 | Tomb:1   | Noticed a royal mummy
 77442 | Tomb:1   | Killed a royal mummy
 77444 | Tomb:1   | Noticed a royal mummy
 77452 | Tomb:1   | Noticed a royal mummy
 77453 | Tomb:1   | Noticed a royal mummy
 77456 | Tomb:1   | Killed a royal mummy
 77457 | Tomb:1   | Noticed a royal mummy
 77460 | Tomb:1   | Killed a royal mummy
 77466 | Tomb:1   | Killed a royal mummy
 77468 | Tomb:1   | Killed a royal mummy
 77489 | Tomb:1   | Noticed a royal mummy
 77497 | Tomb:1   | Killed a royal mummy
 77502 | Tomb:1   | Noticed a royal mummy
 77505 | Tomb:1   | Killed a royal mummy
 77609 | Tomb:1   | Noticed a royal mummy
 77624 | Tomb:1   | Killed a royal mummy
 77779 | Tomb:1   | Noticed a royal mummy
 77784 | Tomb:1   | Killed a royal mummy
 77797 | Tomb:1   | Noticed a royal mummy
 77807 | Tomb:1   | Killed a royal mummy
 77913 | Tomb:3   | Entered Level 3 of the Tomb of the Ancients
 77996 | Tomb:3   | Noticed a royal mummy
 78005 | Tomb:3   | Killed a royal mummy
 78105 | Tomb:3   | Noticed a royal mummy
 78113 | Tomb:3   | Noticed a royal mummy
 78119 | Tomb:3   | Noticed a royal mummy
 78122 | Tomb:3   | Killed a royal mummy
 78124 | Tomb:3   | Killed a royal mummy
 78136 | Tomb:3   | Killed a royal mummy
 78147 | Tomb:3   | Noticed a royal mummy
 78156 | Tomb:3   | Killed a royal mummy
 78157 | Tomb:3   | Noticed a royal mummy
 78167 | Tomb:3   | Killed a royal mummy
 78249 | Tomb:3   | Noticed a royal mummy
 78255 | Tomb:3   | Killed a royal mummy
 78259 | Tomb:3   | Got a golden rune of Zot
 78290 | Tomb:3   | Noticed a royal mummy
 78307 | Tomb:3   | Killed a royal mummy
 78344 | Tomb:3   | Identified the ring of Coronation {Wiz Int+5}
 78965 | Zot:5    | Entered Level 5 of the Realm of Zot
 79112 | Zot:5    | Got Canihehe's Elucidation of Summoned Battle Magic
 79175 | Zot:5    | Noticed an orb of fire
 79176 | Zot:5    | Noticed an orb of fire
 79179 | Zot:5    | Noticed an orb of fire
 79182 | Zot:5    | Killed an orb of fire
 79186 | Zot:5    | Noticed an orb of fire
 79189 | Zot:5    | Noticed an orb of fire
 79190 | Zot:5    | Killed an orb of fire
 79190 | Zot:5    | Gained mutation: You frequently scream uncontrollably at
                  | your foes. [an orb of fire]
 79190 | Zot:5    | Gained mutation: Potions are less effective at restoring
                  | your health. [an orb of fire]
 79194 | Zot:5    | Killed an orb of fire
 79195 | Zot:5    | Noticed an orb of fire
 79199 | Zot:5    | Noticed an orb of fire
 79202 | Zot:5    | Noticed an ancient lich
 79209 | Zot:5    | Gained mutation: You are vulnerable to heat. (rF-) [an orb
                  | of fire]
 79210 | Zig:1    | Entered Level 1 of a ziggurat
 79279 | Zig:1    | Lost mutation: Your magical capacity is low. (-10% MP)
                  | [potion of mutation]
 79279 | Zig:1    | Lost mutation: You are agile. (Dex +4, Str/Int -1) [potion
                  | of mutation]
 79279 | Zig:1    | Gained mutation: Your body sometimes deteriorates upon
                  | taking damage. [potion of mutation]
 79279 | Zig:1    | Gained mutation: You are strong-willed. (Will+) [potion of
                  | mutation]
 79280 | Zig:1    | Lost mutation: Your body sometimes deteriorates upon taking
                  | damage. [potion of mutation]
 79280 | Zig:1    | Lost mutation: Your spells are a little easier to cast, but
                  | a little less powerful. [potion of mutation]
 79280 | Zig:1    | Gained mutation: You are frail. (-10% HP) [potion of
                  | mutation]
 79281 | Zig:1    | Lost mutation: You are vulnerable to heat. (rF-) [potion of
                  | mutation]
 79281 | Zig:1    | Lost mutation: You are frail. (-10% HP) [potion of
                  | mutation]
 79281 | Zig:1    | Lost mutation: Potions are less effective at restoring your
                  | health. [potion of mutation]
 79281 | Zig:1    | Gained mutation: Your body sometimes deteriorates upon
                  | taking damage. [potion of mutation]
 79281 | Zig:1    | Lost mutation: You frequently scream uncontrollably at your
                  | foes. [potion of mutation]
 79281 | Zig:1    | Gained mutation: You have supernaturally acute eyesight.
                  | (SInv) [potion of mutation]
 79307 | Zot:5    | Gained mutation: You are clumsy. (Dex -2) [an orb of fire]
 79310 | Zot:5    | Gained mutation: Your magical capacity is low. (-10% MP)
                  | [an orb of fire]
 79311 | Zot:5    | Noticed a dread lich
 79321 | Zot:5    | Gained mutation: You are dopey. (Int -2) [an orb of fire]
 79451 | Zot:5    | Noticed a dread lich
 79462 | Zot:5    | Killed a dread lich
 79632 | Zot:5    | Gained mutation: You frequently scream uncontrollably at
                  | your foes. [an orb of fire]
 79632 | Zot:5    | Gained mutation: Your spells are a little easier to cast,
                  | but a little less powerful. [an orb of fire]
 79633 | Zot:5    | Killed an orb of fire
 79635 | Zot:5    | Killed an orb of fire
 79635 | Zot:5    | Gained mutation: Your spells are easier to cast, but less
                  | powerful. [an orb of fire]
 79729 | Zot:5    | Killed a dread lich
 79783 | Zot:5    | Killed an orb of fire
 79871 | Zot:5    | Got the Orb of Zot
 79893 | Zot:5    | Gained mutation: You are frail. (-10% HP) [a neqoxec]
 80437 | D:3      | Noticed Taitua the pandemonium lord
 80460 | D:3      | Killed Taitua the pandemonium lord
 80522 | D:$      | Escaped with the Orb!

Illustrated notes

Levels and vault maps discovered:
D:1:      nzn_arrival_crosshair, layout_loops_ring, serial_bayou_pond_e,
          minivault_26
D:2:      layout_loops_corners
D:3:      layout_basic, mainiacjoe_overflow_alcove_1,
          gammafunk_temple_overflow_statue, gammafunk_ghost_split,
          grunt_ministairs_12, minmay_door_square, kennysheep_orc_chapel,
          uniq_terence, uniq_natasha
D:4:      layout_cave_pools, mainiacjoe_overflow_paths,
          ebering_ghost_disaster_area, kennysheep_generic_room_16
D:5:      layout_basic, minmay_temple_entry_slanted, nicolae_ossuary_entry_plus,
          uniq_crazy_yiuf_cottage
D:6:      minmay_spotlight, layout_rooms, minmay_splitting_lines,
          chequers_avenue
D:7:      layout_basic, nicolae_figureground_pulse, uniq_prince_ribbit1
D:8:      layout_gridville, uniq_joseph, uniq_maurice, uniq_grum
D:9:      layout_basic, lair_entry_dummy
D:10:     layout_irregular_city, lemuel_coloured_pillars_altar
D:11:     layout_loops_cross, minivault_28, uniq_nergalle
D:12:     layout_basic, orc_0_dummy, ebering_ghost_gozag, serial_shops,
          nicolae_shop_tiny_statue_garden, lightli_fourway_metalbox
D:13:     layout_roguey, erik_vaults_2, serial_shops,
          nicolae_shop_tiny_waterfront, uniq_nessos, uniq_josephine
D:14:     layout_irregular_city, nicolae_ru_sacrificial_ziggurat,
          serial_column_ruins, column_ruins_columns_water, column_ruins_grid_1,
          column_ruins_corridor_plus, column_ruins_columns_straight,
          column_ruins_grid_1, column_ruins_columns_straight, minivault_4,
          minmay_misc_feat_doors, grunt_potential, uniq_kirke, uniq_lodul,
          uniq_louise
D:15:     hangedman_depths_entry_try_elsewhere_first, layout_long_grid
Temple:   nicolae_temple_bog_church
Lair:1:   gammafunk_boulding_lane, layout_cave_shapes,
          hellmonk_ghost_happy_afterlife, minmay_holes
Lair:2:   layout_loops_ring, mainiacjoe_swamp_entry_lozenge_pond
Lair:3:   layout_small_grid, spider_nest_entry_rubble
Lair:4:   layout_hall_layers, serial_bayou_shore_a
Lair:5:   cheibrodos_lair_end_hotspot, layout_loops_ring, slime_entry_1,
          lemuel_fruit_fields
Swamp:1:  nicolae_swamp_ascending_descending_big, layout_basic_swamp,
          portal_ice_cave_entry_pillars_four, evilmike_swamp_ruin_house_3,
          swamp_pool_4, hangedman_swamp_grove
Swamp:2:  layout_falls_marsh, nicolae_swamp_bean_lake, uniq_aizul
Swamp:3:  layout_falls_marsh, evilmike_swamp_ruin_rubble_1,
          nicolae_swamp_big_swirl, infiniplex_staircase_pool_2
Swamp:4:  swamp, layout_basic_swamp, ebering_ghost_funeral_grove, uniq_roxanne
Spider:1: layout_spider_delve, hangedman_spider_tarantella_strand
Spider:2: layout_spider_delve
Spider:3: layout_cave_pods, drop_trap, hangedman_spider_mandibles
Spider:4: guppyfry_spider_rune
Slime:1:  layout_caves
Slime:2:  cheibrodos_slime_lost_civilization_2, layout_caves,
          nicolae_slime_phagocytosis
Slime:3:  layout_caves
Slime:4:  layout_caves, cheibrodos_slime_lost_civilization_4
Slime:5:  slime_pit_nicolae_inversion
Orc:1:    layout_caves
Orc:2:    hellmonk_orc_salted, layout_caves, serial_shops,
          nicolae_shop_rolling_square, nicolae_orc_tapped_out
Elf:1:    eino_elf_arrival_sip, layout_rooms, special_room [special_room_orc],
          minmay_elf_annihilation, nrook_mini_backslash, lemuel_upstairs_altar
Elf:2:    nicolae_elf_blades_crystal_corner, layout_geoelf_octagon, uniq_donald
Elf:3:    grunt_elf_hall_spiral, layout_gridlike, minmay_shop_grove
Vaults:1: st_eye, v_alt_pattern_5, hangedman_vaults_variations,
          ontoclasm_vaults_bender, grunt_vaults_hallway_long,
          ontoclasm_vaults_tryst, ontoclasm_vaults_fault, v_misc_15,
          nicolae_vaults_doubleplus_tesselated, grunt_vaults_hallway_long,
          vaults_mumra_hex, dpeg_vaults_monster_box, ontoclasm_vaults_twist,
          nicolae_vaults_sesquioval_fish, vaults_room_door_ring,
          vaults_room_door_ring, layout_vaults_ring
Vaults:2: infiniplex_enter_wizlab_water, v_misc_23, v_misc_22,
          nicolae_vaults_house_1, nicolae_vaults_more_shelving_2, v_misc_23,
          hangedman_vaults_maws, nicolae_vaults_closet_pinwheel_2,
          st_smaller_cells, nicolae_vaults_trapezoid_lopsided_2,
          layout_vaults_quadrants
Vaults:3: v_misc_4, nicolae_vaults_hexular_roomagon,
          nicolae_vaults_statue_guard, vaults_room_grid,
          nicolae_vaults_yaktaur_gun_rack, nicolae_vaults_closet_pinwheel_1,
          nicolae_vaults_tetromino_Z_2, ontoclasm_vaults_chip,
          nicolae_vaults_house_1, layout_vaults_omnicross, uniq_mara
Vaults:4: biasface_ghost_orc_armoury, nicolae_vaults_storage_room_statues,
          gammafunk_the_bubble [the_bubble_gammafunk_roulette], v_misc_29,
          vaults_room_grunt_arrival_ludios, nicolae_vaults_little_squares_6,
          nicolae_vaults_trapezoid_4, ontoclasm_vaults_chip,
          vaults_mumra_chevron, layout_vaults_omnibox, serial_shops,
          bzr_entry_islet
Vaults:5: uniq_boris
Crypt:1:  layout_misc_corridors, nicolae_crypt_deepening_niches
Crypt:2:  layout_chaotic_city, uniq_bai_suzhen
Crypt:3:  cryptofortress_bobbens, uniq_mennas
Tomb:1
Tomb:2
Tomb:3
Depths:1: layout_roguey, grunt_hell_horde, grunt_decor_mini_mirrors,
          serial_shops, shop, ploomutoo_gammafunk_ghost_potion_laboratory,
          fake_guardian_serpent_vault, serial_bayou_shore_b
Depths:2: minmay_outward_triangles, layout_basic, hell_entry,
          rand_demon_pan_entry_9, hangedman_abyss_entry_splay,
          hangedman_decor_growths, serial_sigils_hangedman_scratch,
          grunt_guarded_unrand_obsidian_axe, uniq_nikola
Depths:3: kennysheep_treasure_stockpile, layout_cave_shapes, enter_ziggurat_f,
          abyss_entry_flame_altar, hell_entry, nemelex_lonely_heart_becter,
          minmay_shop_star, infiniplex_staircase_split_hallway
Depths:4: grunt_runaround [grunt_runaround_zot, grunt_runaround_doors_1,
          grunt_runaround_doors_2, grunt_runaround_doors_3,
          grunt_runaround_doors_4], serial_shops, hell_entry, abyss_entry
Hell
Dis:1:    layout_gridville, nicolae_hells_hurtin_island
Dis:2:    layout_overlapping_boxes
Dis:3:    layout_gridville, nicolae_dis_having_a_grate_time
Dis:4:    layout_jigsaw
Dis:5:    layout_gridville, nicolae_hells_seeping_fissure
Dis:6:    layout_regular_city, nicolae_dis_step_into_the_octagon
Dis:7:    dis_st
Geh:1:    layout_gehenna_pools_triple
Geh:2:    layout_gehenna_lava_caves
Geh:3:    layout_gehenna_lava_caves, nicolae_hells_seeping_fissure
Geh:4:    layout_gehenna_lava_caves
Geh:5:    layout_gehenna_pools_triple
Geh:6:    layout_gehenna_lava_caves
Geh:7:    geh_grunt_pentagon
Coc:1:    layout_ice_bergs
Coc:2:    layout_cocytus_water_paths
Coc:3:    layout_ice_bergs
Coc:4:    layout_cocytus_water_paths
Coc:5:    layout_ice_bergs
Coc:6:    layout_ice_bergs, special_room [special_room_morgue]
Coc:7:    coc_hangedman
Tar:1:    layout_grid_maze
Tar:2:    layout_grid_maze, nicolae_tar_grid_combs
Tar:3:    layout_grid_maze
Tar:4:    layout_honeycomb
Tar:5:    layout_honeycomb
Tar:6:    nicolae_tar_tart_auras, layout_cathedral_of_symmetry
Tar:7:    tar_mu [tar_mu_maze]
Zot:1:    layout_gridlike, gammafunk_ghost_berserking_beasts, grunt_megastairs_2
Zot:2:    layout_concentric_octagons, regret_index_zotdec_twisting_globes,
          uniq_josephina, uniq_tiamat, uniq_vv
Zot:3:    dreamdust_black_sun_cult, layout_misc_corridors, hangedman_zot_gyre,
          hangedman_player_shredder
Zot:4:    layout_onion, nicolae_diode_basic
Zot:5:    layout_twisted_circle, ebering_ghost_inner_flame, lemuel_golem_globe

Skill      XL: |  1  2  3  4  5  6  7  8  9 10 11 12 13 14 15 16 17 18 19 20 21 22 23 24 25 26 27 |
---------------+----------------------------------------------------------------------------------+-----
Unarmed Combat | 1 2 3 4 5 7 9 11 12 13 14 15 16 18 19 20 21 22 23 26 | 26.6
Fighting       | 2 3 5 7 8 9 10 12 13 14 15 16 17 18 20 21 26 | 26.2
Dodging        | 3 4 5 7 9 10 11 12 13 14 15 16 | 16.6
Evocations     | 5 7 8 9 10 11 12 13 14 23 | 23.0
Shapeshifting  | 8 11 12 13 16 18 19 20 21 22 23 | 23.3
Throwing       | 3 |  3.3
Shields        | 2 5 6 8 11 13 14 15 17 19 25 | 25.8
Translocations | 3 5 6 8 9 |  9.9
Spellcasting   | 3 4 5 6 |  6.6
Invocations    | 7 12 14 15 16 27 | 27.0
Air Magic      | 3 4 5 6 |  6.6
Hexes          | 26 | 26.2
Stealth        | |  0.8

Action                     |  1- 3 |  4- 6 |  7- 9 | 10-12 | 13-15 | 16-18 | 19-21 | 22-24 | 25-27 || total
---------------------------+-------+-------+-------+-------+-------+-------+-------+-------+-------++-------
  Melee: Unarmed           |   113 |   195 |   387 |   606 |  1087 |  1156 |  1518 |  1647 |  4898 || 11607
         Tailslap          |    14 |    26 |    57 |    90 |   203 |   184 |   329 |   430 |  1190 ||  2523
         Punch             |       |     6 |    18 |    56 |    95 |    90 |       |    23 |       ||   288
         Maw               |       |       |       |       |   337 |    94 |       |       |       ||   431
         Constrict         |       |       |       |       |     6 |       |       |       |       ||     6
         Bite              |       |       |       |       |       |       |       |    16 |       ||    16
  Throw: Stone             |    15 |    30 |       |       |       |       |       |       |       ||    45
         Javelin           |       |     5 |     2 |     2 |     7 |     4 |       |       |       ||    20
         Dart              |       |     7 |    21 |    14 |    54 |    35 |     1 |     5 |     1 ||   138
         Throwing net      |       |       |       |     3 |       |       |       |     2 |     1 ||     6
   Cast: Lesser Beckoning  |       |       |       |       |       |       |     1 |    41 |   192 ||   234
         Blink             |       |       |       |       |       |       |       |     4 |     6 ||    10
         Apportation       |       |       |       |       |       |       |       |       |    49 ||    49
         Vhi's Electric Ch |       |       |       |       |       |       |       |       |   149 ||   149
         Yara's Violent Un |       |       |       |       |       |       |       |       |    15 ||    15
         Discord           |       |       |       |       |       |       |       |       |     4 ||     4
         Manifold Assault  |       |       |       |       |       |       |       |       |     2 ||     2
 Invoke: Trog's Hand       |       |       |     3 |     6 |     4 |     6 |     4 |       |       ||    23
         Berserk           |       |       |     2 |    11 |    12 |    12 |     4 |       |       ||    41
         Brothers in Arms  |       |       |       |       |     2 |     4 |     3 |       |       ||     9
         Cleansing Flame   |       |       |       |       |       |       |       |     3 |   182 ||   185
         Divine Shield     |       |       |       |       |       |       |       |     5 |    20 ||    25
         Summon Divine War |       |       |       |       |       |       |       |     2 |     9 ||    11
Ability: Breathe Dispellin |       |       |    12 |    58 |    26 |       |     1 |     3 |       ||   100
         Begin Untransform |       |       |       |       |       |     1 |       |     1 |       ||     2
         Evoke Blink       |       |       |       |       |       |       |     1 |     4 |     1 ||     6
  Evoke: Wand              |     2 |    27 |    37 |    40 |    36 |    26 |     9 |    21 |    53 ||   251
         Tin of tremorston |       |       |       |       |       |     6 |     6 |     8 |     3 ||    23
         Sack of spiders   |       |       |       |       |       |     2 |     2 |     1 |     1 ||     6
         Phantom mirror    |       |       |       |       |       |       |     1 |       |       ||     1
         Phial of floods   |       |       |       |       |       |       |       |       |     1 ||     1
         Figurine of a zig |       |       |       |       |       |       |       |       |     1 ||     1
    Use: Potion            |       |     2 |       |     6 |     3 |    13 |     7 |    10 |    41 ||    82
         Scroll            |       |     2 |     3 |     6 |    21 |    15 |    11 |    21 |    48 ||   127
   Stab: Sleeping          |     4 |     3 |     3 |     1 |       |     1 |       |       |       ||    12
         Betrayed ally     |       |       |     3 |       |       |       |       |       |       ||     3
         Paralysed         |       |       |       |    13 |     8 |     5 |       |       |       ||    26
         Invisible         |       |       |       |     8 |     2 |     5 |     3 |       |       ||    18
         Distracted        |       |       |       |       |     2 |     1 |       |       |       ||     3
 Armour: Skin              |    51 |   112 |   219 |   373 |   570 |  1631 |  1180 |  1199 |  2877 ||  8212
  Dodge: Dodged            |    59 |   115 |   229 |   328 |   551 |   880 |   996 |   911 |  2110 ||  6179
         Repelled          |       |       |       |       |       |       |    14 |    43 |       ||    57
  Block: Buckler           |       |       |       |       |       |    75 |   633 |       |       ||   708
         Kite shield       |       |       |       |       |       |       |   586 |  1140 |       ||  1726
         Reflection        |       |       |       |       |       |       |     8 |     6 |       ||    14
         Tower shield      |       |       |       |       |       |       |       |   962 |  7907 ||  8869
         Other             |       |       |       |       |       |       |       |    18 |       ||    18
   Form: Maw               |       |       |       |       |     2 |       |       |       |       ||     2
         Serpent           |       |       |       |       |     1 |       |       |       |       ||     1
         Statue            |       |       |       |       |       |     2 |     1 |     2 |       ||     5
         Dragon            |       |       |       |       |       |       |     1 |     2 |       ||     3
